Workbook

Sheet 7.1 без НДС
H1: =F12+H12 -> 6.316 | I1: =G12+I12 -> 63.237616 | J1: =H1+J12 -> 20.036 | K1: =I1+K12 -> 66.031142 | L1: =J1+L12 -> 100.13286 | M1: =K1+M12 -> 110.64108
A2: Отчет об исполнении инвестиционной программы, млн. рублей без НДС (представляется ежеквартально)
D3: =D12*1.18 -> 118.15677 | E3: =E12*1.18 -> 130.55648 | F3: =F12*1.18 -> 4.7023 | G3: =G12*1.18 -> 20.599378 | H3: =H12*1.18 -> 2.75058 | I3: =I12*1.18 -> 54.021009 | J3: =J12*1.18 -> 16.1896 | K3: =K12*1.18 -> 3.2963601 | ... T3: =T12*1.18 -> 12.383252
D4: =D12-D68 -> 92.928
A9: № | B9: Наименование объекта | C9: Остаток стоимости на начало года * | D9: Объем финансирования [отчетный год] | N9: Освоено (закрыто актами выполнен- ных работ), млн. рублей | P9: Введено (оформлено актами ввода в эксплуатацию), млн. рублей | R9: Осталось профинанси- ровать по ре- зультатам отчетного периода * | S9: Отклонение *** | W9: Причины отклонений
D10: всего | F10: I кв. | H10: II кв. | J10: III кв. | L10: IV кв. | S10: млн. рублей | T10: % | U10: в том числе за счет
D11: план ** | E11: факт *** | F11: план | G11: факт | H11: план | I11: факт | J11: план | K11: факт | L11: план | M11: факт | N11: всего | O11: за отчетный квартал | P11: всего | Q11: за отчетный квартал | U11: уточнения стоимости по результатам утвержденной ПСД | V11: уточнения стоимости по результатам закупочных процедур
B12: ВСЕГО | D12: =D13+D14+D68+D69+D81+D84+D90 -> 100.13286 | E12: =G12+I12+K12+M12 -> 110.64108 | F12: =F13+F14+F68+F69+F81+F84+F90 -> 3.985 | G12: =G13+G14+G68+G69+G81+G84+G90 -> 17.4571 | H12: =H13+H14+H68+H69+H81+H84+H90 -> 2.331 | I12: =I13+I14+I68+I69+I81+I84+I90 -> 45.780516 | J12: =J13+J14+J68+J69+J81+J84+J90 -> 13.72 | K12: =K13+K14+K68+K69+K81+K84+K90 -> 2.7935255 | L12: =D12-F12-H12-J12 -> 80.09686 | M12: =M13+M14+M68+M69+M81+M84+M90 -> 44.609942 | N12: =E12 -> 110.64108 | O12: =M12 -> 44.609942 | R12: =D12-G12-I12-K12-M12 -> -10.508224 | S12: =E12-D12 -> 10.508224 | T12: =IF(D12>0,E12/D12*100-100,0) -> 10.494281
A13: 1 | B13: ПИР | D13: 1.5 | E13: =G13+I13+K13+M13 -> 0 | F13: =[1]Лист2!$K$9 -> 0 | G13: =[1]Лист2!$L$9 -> 0 | H13: 0 | I13: =[2]Лист2!$L$9 -> 0 | J13: =0.222-H13-F13 -> 0.222 | K13: =[3]Лист2!L9-I13 -> 0 | L13: =D13-F13-H13-J13 -> 1.278 | M13: 0 | N13: =E13 -> 0 | O13: =M13 -> 0 | R13: =D13-G13-I13-K13-M13 -> 1.5 | S13: =E13-D13 -> -1.5 | T13: =IF(D13>0,E13/D13*100-100,0) -> -100
A14: 2 | B14: Реконструкция | D14: =D15+D30+D40+D50+D53 -> 63.23 | E14: =G14+I14+K14+M14 -> 3.0363997 | F14: =F15+F30+F40+F50+F53 -> 3.969 | G14: =G15+G30+G40+G50+G53 -> 1.1856 | H14: =H15+H30+H40+H50+H53 -> 1.731 | I14: =I15+I30+I40+I50+I53 -> 1.4944638 | J14: =J15+J30+J40+J50+J53 -> 9.356 | K14: =K15+K30+K40+K50+K53 -> 0.12658351 | L14: =D14-F14-H14-J14 -> 48.174 | M14: =M15+M30+M40+M50+M53 -> 0.22975246 | N14: =E14 -> 3.0363997 | O14: =M14 -> 0.22975246 | R14: =D14-G14-I14-K14-M14 -> 60.1936 | S14: =E14-D14 -> -60.1936 | T14: =IF(D14>0,E14/D14*100-100,0) -> -95.19785
A15: 2.1 | B15: КЛ 0,4 кВ | D15: 3.73 | E15: =SUM(E16:E29) -> 0.35300602 | F15: =[1]Лист2!$K$11 -> 0.275 | G15: =SUM(G16:G29) -> 0 | H15: =0.5-F15 -> 0.225 | I15: =SUM(I16:I29) -> 0.22642251 | J15: =1.052-H15-F15 -> 0.552 | K15: =SUM(K16:K29) -> 0.12658351 | L15: =D15-F15-H15-J15 -> 2.678 | M15: =SUM(M16:M29) -> 0 | N15: =E15 -> 0.35300602 | O15: =M15 -> 0 | R15: =D15-G15-I15-K15-M15 -> 3.376994 | S15: =E15-D15 -> -3.376994 | T15: =IF(D15>0,E15/D15*100-100,0) -> -90.536032
B16: КЛ 0,4 кВ ТП 106 - Козленская, 127; Козленская, 127-А | D16: 0.7 | E16: =G16+I16+K16+M16 -> 0 | G16: 0 | I16: 0 | L16: =D16-F16-H16-J16 -> 0.7 | N16: =E16 -> 0 | O16: =M16 -> 0 | R16: =D16-G16-I16-K16-M16 -> 0.7 | S16: =E16-D16 -> -0.7 | T16: =IF(D16>0,E16/D16*100-100,0) -> -100
B17: КЛ 0,4 кВ ТП 367 - Герцена, 94; Яшина, 20 | D17: 0.55 | E17: =G17+I17+K17+M17 -> 0 | G17: 0 | I17: 0 | L17: =D17-F17-H17-J17 -> 0.55 | N17: =E17 -> 0 | O17: =M17 -> 0 | R17: =D17-G17-I17-K17-M17 -> 0.55 | S17: =E17-D17 -> -0.55 | T17: =IF(D17>0,E17/D17*100-100,0) -> -100
B18: КЛ 0,4 кВ ТП 367 - Ветошкина, 99; Ветошкина, 99-А | D18: 0.5 | E18: =G18+I18+K18+M18 -> 0 | G18: 0 | I18: 0 | L18: =D18-F18-H18-J18 -> 0.5 | N18: =E18 -> 0 | O18: =M18 -> 0 | R18: =D18-G18-I18-K18-M18 -> 0.5 | S18: =E18-D18 -> -0.5 | T18: =IF(D18>0,E18/D18*100-100,0) -> -100
B19: КЛ 0,4 кВ ТП 533 - 1 мкр. ПЗ, 9 | D19: 0.15 | E19: =G19+I19+K19+M19 -> 0 | G19: 0 | I19: 0 | L19: =D19-F19-H19-J19 -> 0.15 | N19: =E19 -> 0 | O19: =M19 -> 0 | R19: =D19-G19-I19-K19-M19 -> 0.15 | S19: =E19-D19 -> -0.15 | T19: =IF(D19>0,E19/D19*100-100,0) -> -100
B20: КЛ 0,4 кВ ТП 533 - 1 мкр. ПЗ, 10 (корп.2) | D20: 0.25 | E20: =G20+I20+K20+M20 -> 0 | G20: 0 | I20: 0 | L20: =D20-F20-H20-J20 -> 0.25 | N20: =E20 -> 0 | O20: =M20 -> 0 | R20: =D20-G20-I20-K20-M20 -> 0.25 | S20: =E20-D20 -> -0.25 | T20: =IF(D20>0,E20/D20*100-100,0) -> -100
B21: КЛ 0,4 кВ ТП 534 - 1 мкр. ПЗ, 21 | D21: 0.14 | E21: =G21+I21+K21+M21 -> 0 | G21: 0 | I21: 0 | L21: =D21-F21-H21-J21 -> 0.14 | N21: =E21 -> 0 | O21: =M21 -> 0 | R21: =D21-G21-I21-K21-M21 -> 0.14 | S21: =E21-D21 -> -0.14 | T21: =IF(D21>0,E21/D21*100-100,0) -> -100
B22: КЛ 0,4 кВ ТП 534 - 1 мкр. ПЗ, 23 | D22: 0.14 | E22: =G22+I22+K22+M22 -> 0 | G22: 0 | I22: 0 | L22: =D22-F22-H22-J22 -> 0.14 | N22: =E22 -> 0 | O22: =M22 -> 0 | R22: =D22-G22-I22-K22-M22 -> 0.14 | S22: =E22-D22 -> -0.14 | T22: =IF(D22>0,E22/D22*100-100,0) -> -100
B23: КЛ 0,4 кВ ТП 466 - шк. Поповича, 26-А | D23: 0.45 | E23: =G23+I23+K23+M23 -> 0 | G23: 0 | I23: 0 | L23: =D23-F23-H23-J23 -> 0.45 | N23: =E23 -> 0 | O23: =M23 -> 0 | R23: =D23-G23-I23-K23-M23 -> 0.45 | S23: =E23-D23 -> -0.45 | T23: =IF(D23>0,E23/D23*100-100,0) -> -100
B24: КЛ 0,4 кВ ТП 422 - Советский пр., 131 | D24: 0.25 | E24: =G24+I24+K24+M24 -> 0 | G24: 0 | I24: 0 | L24: =D24-F24-H24-J24 -> 0.25 | N24: =E24 -> 0 | O24: =M24 -> 0 | R24: =D24-G24-I24-K24-M24 -> 0.25 | S24: =E24-D24 -> -0.25 | T24: =IF(D24>0,E24/D24*100-100,0) -> -100
B25: КЛ 0,4 кВ ТП 18, опора Л-4 (Сокол) - Некрасова, 41 | D25: 0.08 | E25: =G25+I25+K25+M25 -> 0 | G25: 0 | I25: 0 | L25: =D25-F25-H25-J25 -> 0.08 | N25: =E25 -> 0 | O25: =M25 -> 0 | R25: =D25-G25-I25-K25-M25 -> 0.08 | S25: =E25-D25 -> -0.08 | T25: =IF(D25>0,E25/D25*100-100,0) -> -100
B26: КЛ 0,4 кВ ТП 48 (Сокол) - Кирова, 38 | D26: 0.17 | E26: =G26+I26+K26+M26 -> 0 | G26: 0 | I26: 0 | L26: =D26-F26-H26-J26 -> 0.17 | N26: =E26 -> 0 | O26: =M26 -> 0 | R26: =D26-G26-I26-K26-M26 -> 0.17 | S26: =E26-D26 -> -0.17 | T26: =IF(D26>0,E26/D26*100-100,0) -> -100
B27: КЛ 0,4 кВ ТП 48 (Сокол) - Советская, 55 | D27: 0.14 | E27: =G27+I27+K27+M27 -> 0 | G27: 0 | I27: 0 | L27: =D27-F27-H27-J27 -> 0.14 | N27: =E27 -> 0 | O27: =M27 -> 0 | R27: =D27-G27-I27-K27-M27 -> 0.14 | S27: =E27-D27 -> -0.14 | T27: =IF(D27>0,E27/D27*100-100,0) -> -100
B28: Замена КЛ 0,4 кВ ТП 62 (Сокол) - Орешкова, 12; Путейская 36 (строительство ВЛ 0,4 кВ от ТП 62 на 4 ж/дома) | D28: 0.21 | E28: =G28+I28+K28+M28 -> 0 | G28: 0 | I28: 0 | L28: =D28-F28-H28-J28 -> 0.21 | N28: =E28 -> 0 | O28: =M28 -> 0 | R28: =D28-G28-I28-K28-M28 -> 0.21 | S28: =E28-D28 -> -0.21 | T28: =IF(D28>0,E28/D28*100-100,0) -> -100
B29: КЛ 0,4 кВ от ТП 67 с переводом на РТП 7 (г. Сокол) | D29: 0 | E29: =G29+I29+K29+M29 -> 0.35300602 | G29: =0 -> 0 | I29: =[4]CO1!$R$71/1000-G29 -> 0.22642251 | K29: =[5]Лист2!$L$11-I29-G29 -> 0.12658351 | L29: =D29-F29-H29-J29 -> 0 | M29: =[6]CO1!$T$71/1000-K29-I29-G29 -> 0 | N29: =E29 -> 0.35300602 | O29: =M29 -> 0 | R29: =D29-G29-I29-K29-M29 -> -0.35300602 | S29: =E29-D29 -> 0.35300602 | T29: =IF(D29>0,E29/D29*100-100,0) -> 0
A30: 2.2 | B30: КЛ 6-10 кВ | D30: 16.8 | E30: =G30+I30+K30+M30 -> 0.86471773 | F30: =[1]Лист2!$K$12 -> 0.816 | G30: =SUM(G31:G37) -> 0.6355 | H30: =1-F30 -> 0.184 | I30: =SUM(I31:I37) -> -0.00053473 | J30: =3.486-H30-F30 -> 2.486 | K30: =SUM(K31:K39) -> 0 | L30: =D30-F30-H30-J30 -> 13.314 | M30: =SUM(M31:M39) -> 0.22975246 | N30: =E30 -> 0.86471773 | O30: =M30 -> 0.22975246 | R30: =D30-G30-I30-K30-M30 -> 15.935282 | S30: =E30-D30 -> -15.935282 | T30: =IF(D30>0,E30/D30*100-100,0) -> -94.852871
B31: КЛ 6 кВ "ГПП-2 - 1 мкр. ПЗ | D31: 7.5 | E31: =G31+I31+K31+M31 -> 0 | L31: =D31-F31-H31-J31 -> 7.5 | N31: =E31 -> 0 | O31: =M31 -> 0 | R31: =D31-G31-I31-K31-M31 -> 7.5 | S31: =E31-D31 -> -7.5 | T31: =IF(D31>0,E31/D31*100-100,0) -> -100
B32: КЛ 6 кВ "ГПП, яч.59 - ВЛ 6 кВ (Л-6)" (Сокол) | D32: 0.8 | E32: =G32+I32+K32+M32 -> 0 | L32: =D32-F32-H32-J32 -> 0.8 | N32: =E32 -> 0 | O32: =M32 -> 0 | R32: =D32-G32-I32-K32-M32 -> 0.8 | S32: =E32-D32 -> -0.8 | T32: =IF(D32>0,E32/D32*100-100,0) -> -100
B33: КЛ 6 кВ "ТП 10 - ТП 11" (Сокол) | D33: 0.6 | E33: =G33+I33+K33+M33 -> 0 | L33: =D33-F33-H33-J33 -> 0.6 | N33: =E33 -> 0 | O33: =M33 -> 0 | R33: =D33-G33-I33-K33-M33 -> 0.6 | S33: =E33-D33 -> -0.6 | T33: =IF(D33>0,E33/D33*100-100,0) -> -100
B34: КЛ 10 кВ ПС "Центральная" - РП 10кВ "Разинский" | D34: 4.9 | E34: =G34+I34+K34+M34 -> 0 | L34: =D34-F34-H34-J34 -> 4.9 | N34: =E34 -> 0 | O34: =M34 -> 0 | R34: =D34-G34-I34-K34-M34 -> 4.9 | S34: =E34-D34 -> -4.9 | T34: =IF(D34>0,E34/D34*100-100,0) -> -100
B35: КЛ 10 кВ ПС "Воcточная" - ТП 561 | D35: 3 | E35: =G35+I35+K35+M35 -> 0 | L35: =D35-F35-H35-J35 -> 3 | N35: =E35 -> 0 | O35: =M35 -> 0 | R35: =D35-G35-I35-K35-M35 -> 3 | S35: =E35-D35 -> -3 | T35: =IF(D35>0,E35/D35*100-100,0) -> -100
B36: КЛ 6 кВ ТП1-ТП33 (г.Сокол) | D36: 0 | E36: =G36+I36+K36+M36 -> 0.26891023 | G36: =[7]CO1!$R$61/1000 -> 0.2689 | I36: =[4]CO1!$R$67/1000-G36 -> 1.023e-05 | L36: =D36-F36-H36-J36 -> 0 | M36: =[6]CO1!$T$67/1000-K36-I36-G36 -> 0 | N36: =E36 -> 0.26891023 | O36: =M36 -> 0 | R36: =D36-G36-I36-K36-M36 -> -0.26891023 | S36: =E36-D36 -> 0.26891023 | T36: =IF(D36>0,E36/D36*100-100,0) -> 0
B37: КЛ 10 кВ ТП374-ТП64 | D37: 0 | E37: =G37+I37+K37+M37 -> 0.36605504 | G37: =[7]CO1!$R$64/1000 -> 0.3666 | I37: =[4]CO1!$R$72/1000-G37 -> -0.00054496 | L37: =D37-F37-H37-J37 -> 0 | M37: =[6]CO1!$T$72/1000-K37-I37-G37 -> 0 | N37: =E37 -> 0.36605504 | O37: =M37 -> 0 | R37: =D37-G37-I37-K37-M37 -> -0.36605504 | S37: =E37-D37 -> 0.36605504 | T37: =IF(D37>0,E37/D37*100-100,0) -> 0
B38: Вынос КЛ 10 кВ "РП27-ТП682" пл.Федулова (ТП-9/2711 ЗАО Мост-продукт) | D38: 0 | E38: =G38+I38+K38+M38 -> 0.20152946 | L38: =D38-F38-H38-J38 -> 0 | M38: =[6]CO1!T73/1000 -> 0.20152946 | N38: =E38 -> 0.20152946 | O38: =M38 -> 0.20152946 | R38: =D38-G38-I38-K38-M38 -> -0.20152946 | S38: =E38-D38 -> 0.20152946 | T38: =IF(D38>0,E38/D38*100-100,0) -> 0
B39: Реконструкция КЛ-6 кВ РП ТЭЦ-РП23 | D39: 0 | E39: =G39+I39+K39+M39 -> 0.028223 | L39: =D39-F39-H39-J39 -> 0 | M39: =[6]CO1!T74/1000 -> 0.028223 | N39: =E39 -> 0.028223 | O39: =M39 -> 0.028223 | R39: =D39-G39-I39-K39-M39 -> -0.028223 | S39: =E39-D39 -> 0.028223 | T39: =IF(D39>0,E39/D39*100-100,0) -> 0
A40: 2.3 | B40: ВЛ 0,4 кВ | D40: 3.3 | E40: =G40+I40+K40+M40 -> 1.3231692 | F40: =[1]Лист2!$K$13 -> 0.394 | G40: =SUM(G41:G49) -> 0.0546 | H40: =0.6-F40 -> 0.206 | I40: =SUM(I41:I49) -> 1.2685691 | J40: =1.088-H40-F40 -> 0.488 | K40: =[3]Лист2!L13-I40-G40 -> 2.0122792e-16 | L40: =D40-F40-H40-J40 -> 2.212 | M40: =SUM(M41:M49) -> 0 | N40: =E40 -> 1.3231692 | O40: =M40 -> 0 | R40: =D40-G40-I40-K40-M40 -> 1.9768309 | S40: =E40-D40 -> -1.9768309 | T40: =IF(D40>0,E40/D40*100-100,0) -> -59.903965
B41: ВЛ 0,4 кВ от ТП 427 (реконструкция необслуживаемых ведомственных сетей) | D41: 0.4 | E41: =G41+I41+K41+M41 -> 0 | L41: =D41-F41-H41-J41 -> 0.4 | N41: =E41 -> 0 | O41: =M41 -> 0 | R41: =D41-G41-I41-K41-M41 -> 0.4 | S41: =E41-D41 -> -0.4 | T41: =IF(D41>0,E41/D41*100-100,0) -> -100
B42: ВЛ 0,4 кВ от КТП 606 (реконструкция необслуживаемых ведомственных сетей) | D42: 0.8 | E42: =G42+I42+K42+M42 -> 0 | L42: =D42-F42-H42-J42 -> 0.8 | N42: =E42 -> 0 | O42: =M42 -> 0 | R42: =D42-G42-I42-K42-M42 -> 0.8 | S42: =E42-D42 -> -0.8 | T42: =IF(D42>0,E42/D42*100-100,0) -> -100
B43: ВЛ 0,4 кВ от ТП 64 (Сокол), Л-1 (разделение вывода) | D43: 0.4 | E43: =G43+I43+K43+M43 -> 0 | L43: =D43-F43-H43-J43 -> 0.4 | N43: =E43 -> 0 | O43: =M43 -> 0 | R43: =D43-G43-I43-K43-M43 -> 0.4 | S43: =E43-D43 -> -0.4 | T43: =IF(D43>0,E43/D43*100-100,0) -> -100
B44: ВЛ 0,4 кВ от ТП 64 (Сокол), Л-2 (разделение вывода) | D44: 0.4 | E44: =G44+I44+K44+M44 -> 0 | L44: =D44-F44-H44-J44 -> 0.4 | N44: =E44 -> 0 | O44: =M44 -> 0 | R44: =D44-G44-I44-K44-M44 -> 0.4 | S44: =E44-D44 -> -0.4 | T44: =IF(D44>0,E44/D44*100-100,0) -> -100
B45: ВЛ 0,4 кВ от ТП 43 (Сокол), Л-2 | D45: 0.2 | E45: =G45+I45+K45+M45 -> 0 | L45: =D45-F45-H45-J45 -> 0.2 | N45: =E45 -> 0 | O45: =M45 -> 0 | R45: =D45-G45-I45-K45-M45 -> 0.2 | S45: =E45-D45 -> -0.2 | T45: =IF(D45>0,E45/D45*100-100,0) -> -100
B46: ВЛ 0,4 кВ от ТП 33 (Сокол), Л-1 | D46: 0.6 | E46: =G46+I46+K46+M46 -> 0 | L46: =D46-F46-H46-J46 -> 0.6 | N46: =E46 -> 0 | O46: =M46 -> 0 | R46: =D46-G46-I46-K46-M46 -> 0.6 | S46: =E46-D46 -> -0.6 | T46: =IF(D46>0,E46/D46*100-100,0) -> -100
B47: ВЛ 0,4 кВ от КТП139 | D47: 0.5 | E47: =G47+I47+K47+M47 -> 0 | L47: =D47-F47-H47-J47 -> 0.5 | N47: =E47 -> 0 | O47: =M47 -> 0 | R47: =D47-G47-I47-K47-M47 -> 0.5 | S47: =E47-D47 -> -0.5 | T47: =IF(D47>0,E47/D47*100-100,0) -> -100
B48: ВЛ 0,4 кВ от ТП 34 (с.Устье-Кубенское) | D48: 0 | E48: =G48+I48+K48+M48 -> 0.19047223 | G48: =[7]CO1!$R$62/1000 -> 0.0546 | I48: =[4]CO1!$R$68/1000-G48 -> 0.13587223 | L48: =D48-F48-H48-J48 -> 0 | M48: =0 -> 0 | N48: =E48 -> 0.19047223 | O48: =M48 -> 0 | R48: =D48-G48-I48-K48-M48 -> -0.19047223 | S48: =E48-D48 -> 0.19047223 | T48: =IF(D48>0,E48/D48*100-100,0) -> 0
B49: ВЛ 0,4 кВ от ТП 7 с установкой КТП | D49: 0 | E49: =G49+I49+K49+M49 -> 1.1326969 | G49: =0 -> 0 | I49: =[4]CO1!$R$70/1000-G49 -> 1.1326969 | L49: =D49-F49-H49-J49 -> 0 | M49: 0 | N49: =E49 -> 1.1326969 | O49: =M49 -> 0 | R49: =D49-G49-I49-K49-M49 -> -1.1326969 | S49: =E49-D49 -> 1.1326969 | T49: =IF(D49>0,E49/D49*100-100,0) -> 0
A50: 2.4 | B50: ВЛ 6-10 кВ | D50: 4.5 | E50: =G50+I50+K50+M50 -> 0.49550683 | F50: =[1]Лист2!$K$14 -> 0.459 | G50: =G51+G52 -> 0.4955 | H50: =1-F50 -> 0.541 | I50: =I51+I52 -> 6.83e-06 | J50: =1.666-H50-F50 -> 0.666 | K50: =[3]Лист2!L14-I50-G50 -> 0 | L50: =D50-F50-H50-J50 -> 2.834 | M50: =M51+M52 -> 0 | N50: =E50 -> 0.49550683 | O50: =M50 -> 0 | R50: =D50-G50-I50-K50-M50 -> 4.0044932 | S50: =E50-D50 -> -4.0044932 | T50: =IF(D50>0,E50/D50*100-100,0) -> -88.988737
B51: ВЛ 6 кВ №31 | D51: 4.5 | E51: =G51+I51+K51+M51 -> 0 | L51: =D51-F51-H51-J51 -> 4.5 | N51: =E51 -> 0 | O51: =M51 -> 0 | R51: =D51-G51-I51-K51-M51 -> 4.5 | S51: =E51-D51 -> -4.5 | T51: =IF(D51>0,E51/D51*100-100,0) -> -100
B52: ВЛ 10 кВ ЛЭП №4 (с. Шуйское) | D52: 0 | E52: =G52+I52+K52+M52 -> 0.49550683 | G52: =[7]CO1!$R$63/1000 -> 0.4955 | I52: =[4]CO1!$R$69/1000-G52 -> 6.83e-06 | L52: =D52-F52-H52-J52 -> 0 | N52: =E52 -> 0.49550683 | O52: =M52 -> 0 | R52: =D52-G52-I52-K52-M52 -> -0.49550683 | S52: =E52-D52 -> 0.49550683 | T52: =IF(D52>0,E52/D52*100-100,0) -> 0
A53: 2.5 | B53: РТП, РП, ТП, КТП | D53: 34.9 | E53: =G53+I53+K53+M53 -> 0 | F53: =[1]Лист2!$K$15 -> 2.025 | G53: =SUM(G54:G67) -> 0 | H53: =2.5+0.1-F53 -> 0.575 | I53: =SUM(I54:I67) -> 0 | J53: =7.59+0.174-H53-F53 -> 5.164 | K53: =[3]Лист2!L15-G53-I53 -> 0 | L53: =D53-F53-H53-J53 -> 27.136 | M53: =SUM(M54:M67) -> 0 | N53: =E53 -> 0 | O53: =M53 -> 0 | R53: =D53-G53-I53-K53-M53 -> 34.9 | S53: =E53-D53 -> -34.9 | T53: =IF(D53>0,E53/D53*100-100,0) -> -100
B54: КТП 295 (замена на 2хКТП) | D54: 3.5 | E54: =G54+I54+K54+M54 -> 0 | G54: 0 | I54: 0 | L54: =D54-F54-H54-J54 -> 3.5 | N54: =E54 -> 0 | O54: =M54 -> 0 | R54: =D54-G54-I54-K54-M54 -> 3.5 | S54: =E54-D54 -> -3.5 | T54: =IF(D54>0,E54/D54*100-100,0) -> -100
B55: ТП 518 (замена РУ-10 кВ) | D55: 0.55 | E55: =G55+I55+K55+M55 -> 0 | G55: 0 | I55: 0 | L55: =D55-F55-H55-J55 -> 0.55 | N55: =E55 -> 0 | O55: =M55 -> 0 | R55: =D55-G55-I55-K55-M55 -> 0.55 | S55: =E55-D55 -> -0.55 | T55: =IF(D55>0,E55/D55*100-100,0) -> -100
B56: ТП 10, с.Устье (замена РУ-10 кВ) | D56: 0.3 | E56: =G56+I56+K56+M56 -> 0 | G56: 0 | I56: 0 | L56: =D56-F56-H56-J56 -> 0.3 | N56: =E56 -> 0 | O56: =M56 -> 0 | R56: =D56-G56-I56-K56-M56 -> 0.3 | S56: =E56-D56 -> -0.3 | T56: =IF(D56>0,E56/D56*100-100,0) -> -100
B57: ТП 258 (РУ-6 кВ, секционирование) | D57: 0.55 | E57: =G57+I57+K57+M57 -> 0 | G57: 0 | I57: 0 | L57: =D57-F57-H57-J57 -> 0.55 | N57: =E57 -> 0 | O57: =M57 -> 0 | R57: =D57-G57-I57-K57-M57 -> 0.55 | S57: =E57-D57 -> -0.55 | T57: =IF(D57>0,E57/D57*100-100,0) -> -100
B58: ТП 23, г.Сокол (замена РУ-6 кВ) | D58: 0.6 | E58: =G58+I58+K58+M58 -> 0 | G58: 0 | I58: 0 | L58: =D58-F58-H58-J58 -> 0.6 | N58: =E58 -> 0 | O58: =M58 -> 0 | R58: =D58-G58-I58-K58-M58 -> 0.6 | S58: =E58-D58 -> -0.6 | T58: =IF(D58>0,E58/D58*100-100,0) -> -100
B59: ТП 48, г.Сокол (замена РУ-6 кВ, РУ-0,4кВ) | D59: 0.7 | E59: =G59+I59+K59+M59 -> 0 | G59: 0 | I59: 0 | L59: =D59-F59-H59-J59 -> 0.7 | N59: =E59 -> 0 | O59: =M59 -> 0 | R59: =D59-G59-I59-K59-M59 -> 0.7 | S59: =E59-D59 -> -0.7 | T59: =IF(D59>0,E59/D59*100-100,0) -> -100
B60: КТП 64, г.Сокол (замена КТП) | D60: 0.7 | E60: =G60+I60+K60+M60 -> 0 | G60: 0 | I60: 0 | L60: =D60-F60-H60-J60 -> 0.7 | N60: =E60 -> 0 | O60: =M60 -> 0 | R60: =D60-G60-I60-K60-M60 -> 0.7 | S60: =E60-D60 -> -0.7 | T60: =IF(D60>0,E60/D60*100-100,0) -> -100
B61: РП 28 - ливневая канализация | D61: 0.25 | E61: =G61+I61+K61+M61 -> 0 | G61: 0 | I61: 0 | L61: =D61-F61-H61-J61 -> 0.25 | N61: =E61 -> 0 | O61: =M61 -> 0 | R61: =D61-G61-I61-K61-M61 -> 0.25 | S61: =E61-D61 -> -0.25 | T61: =IF(D61>0,E61/D61*100-100,0) -> -100
B62: РП 31 - ливневая канализация | D62: 0.25 | E62: =G62+I62+K62+M62 -> 0 | G62: 0 | I62: 0 | L62: =D62-F62-H62-J62 -> 0.25 | N62: =E62 -> 0 | O62: =M62 -> 0 | R62: =D62-G62-I62-K62-M62 -> 0.25 | S62: =E62-D62 -> -0.25 | T62: =IF(D62>0,E62/D62*100-100,0) -> -100
B63: ЗРУ-35 кВ ПС 35/6 кВ "Городская" (СМВ) | D63: 2.5 | E63: =G63+I63+K63+M63 -> 0 | G63: 0 | I63: 0 | L63: =D63-F63-H63-J63 -> 2.5 | N63: =E63 -> 0 | O63: =M63 -> 0 | R63: =D63-G63-I63-K63-M63 -> 2.5 | S63: =E63-D63 -> -2.5 | T63: =IF(D63>0,E63/D63*100-100,0) -> -100
B64: РУ-10 кВ РТП-27 | D64: 7.5 | E64: =G64+I64+K64+M64 -> 0 | G64: 0 | I64: 0 | L64: =D64-F64-H64-J64 -> 7.5 | N64: =E64 -> 0 | O64: =M64 -> 0 | R64: =D64-G64-I64-K64-M64 -> 7.5 | S64: =E64-D64 -> -7.5 | T64: =IF(D64>0,E64/D64*100-100,0) -> -100
B65: ОРУ 35 кВ ПС 35/6 кВ "Северная" | D65: 6.4 | E65: =G65+I65+K65+M65 -> 0 | G65: 0 | I65: 0 | L65: =D65-F65-H65-J65 -> 6.4 | N65: =E65 -> 0 | O65: =M65 -> 0 | R65: =D65-G65-I65-K65-M65 -> 6.4 | S65: =E65-D65 -> -6.4 | T65: =IF(D65>0,E65/D65*100-100,0) -> -100
... B67: РП 10 кВ "Разинский" | D67: 8 | E67: =G67+I67+K67+M67 -> 0 | G67: 0 | I67: 0 | L67: =D67-F67-H67-J67 -> 8 | N67: =E67 -> 0 | O67: =M67 -> 0 | R67: =D67-G67-I67-K67-M67 -> 8 | S67: =E67-D67 -> -8 | T67: =IF(D67>0,E67/D67*100-100,0) -> -100
A68: 3 | B68: Технологическое присоединение к сетям | D68: =[8]CO1!$Q$75/1000 -> 7.20486 | E68: =G68+I68+K68+M68 -> 97.494207 | G68: =[1]Лист2!$L$18 -> 14.1516 | I68: =[2]Лист2!$L$18-G68 -> 40.736363 | K68: =[3]Лист2!$L$18-G68-I68 -> 0 | L68: =D68-F68-H68-J68 -> 7.20486 | M68: =[6]CO1!$R$75/1000-K68-I68-G68 -> 42.606244 | N68: =E68 -> 97.494207 | O68: =M68 -> 42.606244 | R68: =D68-G68-I68-K68-M68 -> -90.289347 | S68: =E68-D68 -> 90.289347 | T68: =IF(D68>0,E68/D68*100-100,0) -> 1253.1728
A69: 4 | B69: Техническое перевооружение | D69: =D70+D73+D80 -> 10.019 | E69: =G69+I69+K69+M69 -> 9.5233543 | F69: =F70+F73+F80 -> 0 | G69: =G70+G73+G80 -> 1.6499 | H69: =H70+H73+H80 -> 0.6 | I69: =I70+I73+I80 -> 3.3979396 | J69: =J70+J73+J80 -> 1.482 | K69: =K70+K73+K80 -> 2.7015689 | L69: =D69-F69-H69-J69 -> 7.937 | M69: =M70+M73+M80 -> 1.7739458 | N69: =E69 -> 9.5233543 | O69: =M69 -> 1.7739458 | R69: =D69-G69-I69-K69-M69 -> 0.49564569 | S69: =E69-D69 -> -0.49564569 | T69: =IF(D69>0,E69/D69*100-100,0) -> -4.9470575
A70: 4.1 | B70: Оборудование | D70: =D71+D72 -> 3.339 | E70: =G70+I70+K70+M70 -> 9.1301188 | F70: =F71+F72 -> 0 | G70: =G71+G72 -> 1.6499 | H70: =H71+H72 -> 0.5 | I70: =I71+I72 -> 3.1323626 | J70: =J71+J72 -> 0.494 | K70: =K71+K72 -> 2.5830986 | L70: =D70-F70-H70-J70 -> 2.345 | M70: =M71+M72 -> 1.7647577 | N70: =E70 -> 9.1301188 | O70: =M70 -> 1.7647577 | R70: =D70-G70-I70-K70-M70 -> -5.7911188 | S70: =E70-D70 -> 5.7911188 | T70: =IF(D70>0,E70/D70*100-100,0) -> 173.43872
B71: Оборудование, инструмент, средства механизации невходящее в сметы строек | D71: =[4]CO1!$Q$77/1000 -> 1.419 | E71: =G71+I71+K71+M71 -> 0.12328135 | F71: 0 | G71: =[7]CO1!$R$78/1000 -> 0 | H71: =0-F71 -> 0 | I71: =[4]CO1!$R$77/1000-G71 -> 0.0466 | J71: =0.21-H71-F71 -> 0.21 | K71: =[9]CO1!$T$77/1000-G71-I71 -> 0 | L71: =D71-F71-H71-J71 -> 1.209 | M71: =[6]CO1!$T$79/1000-K71-I71-G71 -> 0.07668135 | N71: =E71 -> 0.12328135 | O71: =M71 -> 0.07668135 | R71: =D71-G71-I71-K71-M71 -> 1.2957186 | S71: =E71-D71 -> -1.2957186 | T71: =IF(D71>0,E71/D71*100-100,0) -> -91.312097
B72: Замена силовых трансформаторов (физический износ, старый ГОСТ) | D72: =[4]CO1!$Q$86/1000 -> 1.92 | E72: =G72+I72+K72+M72 -> 9.0068375 | F72: 0 | G72: =[7]CO1!$R$87/1000 -> 1.6499 | H72: =0.5-F72 -> 0.5 | I72: =[4]CO1!$R$86/1000-G72 -> 3.0857626 | J72: =0.784-F72-H72 -> 0.284 | K72: =[9]CO1!$T$86/1000-G72-I72 -> 2.5830986 | L72: =D72-F72-H72-J72 -> 1.136 | M72: =[6]CO1!$T$88/1000-K72-I72-G72 -> 1.6880763 | N72: =E72 -> 9.0068375 | O72: =M72 -> 1.6880763 | R72: =D72-G72-I72-K72-M72 -> -7.0868375 | S72: =E72-D72 -> 7.0868375 | T72: =IF(D72>0,E72/D72*100-100,0) -> 369.10612
A73: 4.2 | B73: Системы телемеханики связи | D73: =SUM(D74:D79) -> 6.68 | E73: =G73+I73+K73+M73 -> 0.3932355 | F73: =[1]Лист2!$K$21 -> 0 | G73: =SUM(G74:G78) -> 0 | H73: =0.1-F73 -> 0.1 | I73: =[4]CO1!$R$80/1000 -> 0.26557703 | J73: =1.088-H73-F73 -> 0.988 | K73: =[3]Лист2!L21-G73-I73 -> 0.11847036 | L73: =D73-F73-H73-J73 -> 5.592 | M73: =[6]CO1!$T$82/1000-K73-I73-G73 -> 0.00918811 | N73: =E73 -> 0.3932355 | O73: =M73 -> 0.00918811 | R73: =D73-G73-I73-K73-M73 -> 6.2867645 | S73: =E73-D73 -> -6.2867645 | T73: =IF(D73>0,E73/D73*100-100,0) -> -94.113241
B74: Модернизация систем телемеханики и питания собственных нужд РП | D74: 2 | E74: =G74+I74+K74+M74 -> 0 | G74: 0 | I74: 0 | L74: =D74-F74-H74-J74 -> 2 | N74: =E74 -> 0 | O74: =M74 -> 0 | R74: =D74-G74-I74-K74-M74 -> 2 | S74: =E74-D74 -> -2 | T74: =IF(D74>0,E74/D74*100-100,0) -> -100
B75: Сети передачи данных | D75: 0.8 | E75: =G75+I75+K75+M75 -> 0 | G75: 0 | I75: 0 | L75: =D75-F75-H75-J75 -> 0.8 | N75: =E75 -> 0 | O75: =M75 -> 0 | R75: =D75-G75-I75-K75-M75 -> 0.8 | S75: =E75-D75 -> -0.8 | T75: =IF(D75>0,E75/D75*100-100,0) -> -100
B76: Модернизация и создание новых рабочих мест | D76: 1.5 | E76: =G76+I76+K76+M76 -> 0 | G76: 0 | I76: 0 | L76: =D76-F76-H76-J76 -> 1.5 | N76: =E76 -> 0 | O76: =M76 -> 0 | R76: =D76-G76-I76-K76-M76 -> 1.5 | S76: =E76-D76 -> -1.5 | T76: =IF(D76>0,E76/D76*100-100,0) -> -100
B77: Средства связи, оргтехника | D77: 0.98 | E77: =G77+I77+K77+M77 -> 0 | G77: 0 | L77: =D77-F77-H77-J77 -> 0.98 | N77: =E77 -> 0 | O77: =M77 -> 0 | R77: =D77-G77-I77-K77-M77 -> 0.98 | S77: =E77-D77 -> -0.98 | T77: =IF(D77>0,E77/D77*100-100,0) -> -100
B78: Замена серверного оборудования | D78: 0.5 | E78: =G78+I78+K78+M78 -> 0 | G78: 0 | I78: 0 | L78: =D78-F78-H78-J78 -> 0.5 | N78: =E78 -> 0 | O78: =M78 -> 0 | R78: =D78-G78-I78-K78-M78 -> 0.5 | S78: =E78-D78 -> -0.5 | T78: =IF(D78>0,E78/D78*100-100,0) -> -100
B79: Система охранной сгнализации | D79: 0.9 | E79: =G79+I79+K79+M79 -> 0 | L79: =D79-F79-H79-J79 -> 0.9 | N79: =E79 -> 0 | O79: =M79 -> 0 | R79: =D79-G79-I79-K79-M79 -> 0.9 | S79: =E79-D79 -> -0.9 | T79: =IF(D79>0,E79/D79*100-100,0) -> -100
A80: 4.3 | B80: Производственные базы | D80: =0 -> 0 | E80: =G80+I80+K80+M80 -> 0 | F80: 0 | G80: 0 | H80: 0 | I80: 0 | J80: 0 | K80: 0 | L80: =D80-F80-H80-J80 -> 0 | M80: 0 | N80: =E80 -> 0 | O80: =M80 -> 0 | R80: =D80-G80-I80-K80-M80 -> 0 | S80: =E80-D80 -> 0 | T80: =IF(D80>0,E80/D80*100-100,0) -> 0
A81: 5 | B81: Модернизация системы учета электричекой энергии и мощности | D81: =D82+D83 -> 9.949 | E81: =G81+I81+K81+M81 -> 0.5871231 | F81: =F82+F83 -> 0.016 | G81: =G82+G83 -> 0.47 | H81: =H82+H83 -> 0 | I81: =I82+I83 -> 0.15175 | J81: =J82+J83 -> 1.472 | K81: =K82+K83 -> -0.0346269 | L81: =D81-F81-H81-J81 -> 8.461 | M81: =M82+M83 -> 2.7755576e-17 | N81: =E81 -> 0.5871231 | O81: =M81 -> 2.7755576e-17 | R81: =D81-G81-I81-K81-M81 -> 9.3618769 | S81: =E81-D81 -> -9.3618769 | T81: =IF(D81>0,E81/D81*100-100,0) -> -94.098672
A82: 5.1 | B82: Приборы учета электроэнергии на границе балансовой принадлежности сетей | D82: =[4]CO1!$Q$84/1000 -> 6.949 | E82: =G82+I82+K82+M82 -> 0.18469949 | F82: =[1]Лист2!$K$24 -> 0.016 | G82: =[1]Лист2!$L$24 -> 0.47 | H82: =0.016-F82 -> 0 | I82: =0.57793-G82 -> 0.10793 | J82: =1.044-H82-F82 -> 1.028 | K82: =[6]CO1!$T$86/1000-I82-G82 -> -0.39323051 | L82: =D82-F82-H82-J82 -> 5.905 | M82: =[6]CO1!$T$86/1000-G82-I82-K82 -> 0 | N82: =E82 -> 0.18469949 | O82: =M82 -> 0 | R82: =D82-G82-I82-K82-M82 -> 6.7643005 | S82: =E82-D82 -> -6.7643005 | T82: =IF(D82>0,E82/D82*100-100,0) -> -97.342071
A83: 5.2 | B83: АИИС КУЭ | D83: =[4]CO1!$Q$85/1000 -> 3 | E83: =G83+I83+K83+M83 -> 0.40242361 | F83: =[1]Лист2!$K$25 -> 0 | G83: =[1]Лист2!$L$25 -> 0 | H83: 0 | I83: =0.04382-G83 -> 0.04382 | J83: =0.444-H83-F83 -> 0.444 | K83: =[6]CO1!$T$87/1000-I83-G83 -> 0.35860361 | L83: =D83-F83-H83-J83 -> 2.556 | M83: =[6]CO1!$T$87/1000-K83-I83-G83 -> 2.7755576e-17 | N83: =E83 -> 0.40242361 | O83: =M83 -> 2.7755576e-17 | R83: =D83-G83-I83-K83-M83 -> 2.5975764 | S83: =E83-D83 -> -2.5975764 | T83: =IF(D83>0,E83/D83*100-100,0) -> -86.58588
A84: 6 | B84: Приобретение автотранспорта и спецтехнки | D84: =SUM(D85:D89) -> 8.03 | E84: =G84+I84+K84+M84 -> 0 | F84: =[1]Лист2!$K$26 -> 0 | G84: =SUM(G85:G89) -> 0 | H84: 0 | I84: =SUM(I85:I89) -> 0 | J84: =1.188-H84-F84 -> 1.188 | K84: =[3]Лист2!L26-G84-I84 -> 0 | L84: =D84-F84-H84-J84 -> 6.842 | M84: =SUM(M85:M89) -> 0 | N84: =E84 -> 0 | O84: =M84 -> 0 | R84: =D84-G84-I84-K84-M84 -> 8.03 | S84: =E84-D84 -> -8.03 | T84: =IF(D84>0,E84/D84*100-100,0) -> -100
B85: ГАЗ-2705 | D85: 0.6 | E85: =G85+I85+K85+M85 -> 0 | L85: =D85-F85-H85-J85 -> 0.6 | N85: =E85 -> 0 | O85: =M85 -> 0 | R85: =D85-G85-I85-K85-M85 -> 0.6 | S85: =E85-D85 -> -0.6 | T85: =IF(D85>0,E85/D85*100-100,0) -> -100
B86: Легковой автомобиль | D86: 0.73 | E86: =G86+I86+K86+M86 -> 0 | L86: =D86-F86-H86-J86 -> 0.73 | N86: =E86 -> 0 | O86: =M86 -> 0 | R86: =D86-G86-I86-K86-M86 -> 0.73 | S86: =E86-D86 -> -0.73 | T86: =IF(D86>0,E86/D86*100-100,0) -> -100
B87: Экскаватор Volvo | D87: 3.55 | E87: =G87+I87+K87+M87 -> 0 | L87: =D87-F87-H87-J87 -> 3.55 | N87: =E87 -> 0 | O87: =M87 -> 0 | R87: =D87-G87-I87-K87-M87 -> 3.55 | S87: =E87-D87 -> -3.55 | T87: =IF(D87>0,E87/D87*100-100,0) -> -100
B88: АГП-18 | D88: 2.3 | E88: =G88+I88+K88+M88 -> 0 | L88: =D88-F88-H88-J88 -> 2.3 | N88: =E88 -> 0 | O88: =M88 -> 0 | R88: =D88-G88-I88-K88-M88 -> 2.3 | S88: =E88-D88 -> -2.3 | T88: =IF(D88>0,E88/D88*100-100,0) -> -100
B89: ГАЗ 3309 фургон | D89: 0.85 | E89: =G89+I89+K89+M89 -> 0 | L89: =D89-F89-H89-J89 -> 0.85 | N89: =E89 -> 0 | O89: =M89 -> 0 | R89: =D89-G89-I89-K89-M89 -> 0.85 | S89: =E89-D89 -> -0.85 | T89: =IF(D89>0,E89/D89*100-100,0) -> -100
A90: 7 | B90: Мероприятия по охране труда | D90: 0.2 | E90: =G90+I90+K90+M90 -> 0 | G90: 0 | H90: =-F90 -> 0 | J90: =0-H90-F90 -> 0 | K90: =[3]Лист2!L27-G90-I90 -> 0 | L90: =D90-F90-H90-J90 -> 0.2 | M90: 0 | N90: =E90 -> 0 | O90: =M90 -> 0 | R90: =D90-G90-I90-K90-M90 -> 0.2 | S90: =E90-D90 -> -0.2 | T90: =IF(D90>0,E90/D90*100-100,0) -> -100

Sheet 6.1
U1: Приложение № 6.1 к Приказу Минэнерго России от 24.03.2010 № 114
A2: Отчет об исполнении инвестиционной программы ГП ВО "Областные электротеплосети" за 2014 год, млн. рублей с НДС
W3: Утверждаю
U4: Директор ГП ВО "Областные электротеплосети"
U5: _________________А.А. Елисеев
U6: "____"______________20 года
W8: М.П.
A10: № | B10: Наименование объекта | C10: Остаток стоимости на начало года * | D10: Объем финансирования [отчетный год] | N10: Освоено (закрыто актами выполненных работ), млн. рублей | P10: Введено (оформлено актами ввода в эксплуатацию), млн. рублей | R10: Осталось профинанси- ровать по результатам отчетного периода * | S10: Отклонение *** | W10: Причины отклонений
S11: млн. рублей | T11: % | U11: в том числе за счет
D12: план ** | E12: факт *** | F12: план | G12: факт | H12: план | I12: факт | J12: план | K12: факт | L12: план | M12: факт | U12: уточнения стоимости по результатам утвержденной ПСД | V12: уточнения стоимости по результатам закупочных процедур
B13: ВСЕГО | D13: 118.15677 | E13: 130.55648 | F13: 4.7023 | G13: 20.599378 | H13: 2.75058 | I13: 54.021009 | J13: 16.1896 | K13: 3.2963601 | L13: 94.514295 | M13: 52.639732 | N13: 130.55648 | O13: 52.639732 | P13: 116.71317 | Q13: 38.796425 | R13: -12.399704 | S13: 12.399704 | T13: 10.494281
A14: 1 | B14: ПИР | D14: 1.77 | E14: 0 | F14: 0 | G14: 0 | H14: 0 | I14: 0 | J14: 0.26196 | K14: 0 | L14: 1.50804 | M14: 0 | N14: 0 | O14: 0 | P14: 0 | Q14: 0 | R14: 1.77 | S14: -1.77 | T14: -100
A15: 2 | B15: Реконструкция | D15: 74.6114 | E15: 3.5829517 | F15: 4.68342 | G15: 1.399008 | H15: 2.04258 | I15: 1.7634672 | J15: 11.04008 | K15: 0.14936854 | L15: 56.84532 | M15: 0.2711079 | N15: 3.5829517 | O15: 0.2711079 | P15: 3.7157369 | Q15: 0.40389313 | R15: 71.028448 | S15: -71.028448 | T15: -95.19785
A16: 2.1 | B16: КЛ 0,4 кВ | D16: 4.4014 | E16: 0.4165471 | F16: 0.3245 | G16: 0 | H16: 0.2655 | I16: 0.26717856 | J16: 0.65136 | K16: 0.14936854 | L16: 3.16004 | M16: 0 | N16: 0.4165471 | O16: 0 | P16: 0.4165471 | Q16: 0 | R16: 3.9848529 | S16: -3.9848529 | T16: -90.536032
B17: КЛ 0,4 кВ ТП 106 - Козленская, 127; Козленская, 127-А | D17: 0.826 | E17: 0 | F17: 0 | G17: 0 | H17: 0 | I17: 0 | J17: 0 | K17: 0 | L17: 0.826 | M17: 0 | N17: 0 | O17: 0 | P17: 0 | Q17: 0 | R17: 0.826 | S17: -0.826 | T17: -100
B18: КЛ 0,4 кВ ТП 367 - Герцена, 94; Яшина, 20 | D18: 0.649 | E18: 0 | F18: 0 | G18: 0 | H18: 0 | I18: 0 | J18: 0 | K18: 0 | L18: 0.649 | M18: 0 | N18: 0 | O18: 0 | P18: 0 | Q18: 0 | R18: 0.649 | S18: -0.649 | T18: -100
B19: КЛ 0,4 кВ ТП 367 - Ветошкина, 99; Ветошкина, 99-А | D19: 0.59 | E19: 0 | F19: 0 | G19: 0 | H19: 0 | I19: 0 | J19: 0 | K19: 0 | L19: 0.59 | M19: 0 | N19: 0 | O19: 0 | P19: 0 | Q19: 0 | R19: 0.59 | S19: -0.59 | T19: -100
B20: КЛ 0,4 кВ ТП 533 - 1 мкр. ПЗ, 9 | D20: 0.177 | E20: 0 | F20: 0 | G20: 0 | H20: 0 | I20: 0 | J20: 0 | K20: 0 | L20: 0.177 | M20: 0 | N20: 0 | O20: 0 | P20: 0 | Q20: 0 | R20: 0.177 | S20: -0.177 | T20: -100
B21: КЛ 0,4 кВ ТП 533 - 1 мкр. ПЗ, 10 (корп.2) | D21: 0.295 | E21: 0 | F21: 0 | G21: 0 | H21: 0 | I21: 0 | J21: 0 | K21: 0 | L21: 0.295 | M21: 0 | N21: 0 | O21: 0 | P21: 0 | Q21: 0 | R21: 0.295 | S21: -0.295 | T21: -100
B22: КЛ 0,4 кВ ТП 534 - 1 мкр. ПЗ, 21 | D22: 0.1652 | E22: 0 | F22: 0 | G22: 0 | H22: 0 | I22: 0 | J22: 0 | K22: 0 | L22: 0.1652 | M22: 0 | N22: 0 | O22: 0 | P22: 0 | Q22: 0 | R22: 0.1652 | S22: -0.1652 | T22: -100
B23: КЛ 0,4 кВ ТП 534 - 1 мкр. ПЗ, 23 | D23: 0.1652 | E23: 0 | F23: 0 | G23: 0 | H23: 0 | I23: 0 | J23: 0 | K23: 0 | L23: 0.1652 | M23: 0 | N23: 0 | O23: 0 | P23: 0 | Q23: 0 | R23: 0.1652 | S23: -0.1652 | T23: -100
B24: КЛ 0,4 кВ ТП 466 - шк. Поповича, 26-А | D24: 0.531 | E24: 0 | F24: 0 | G24: 0 | H24: 0 | I24: 0 | J24: 0 | K24: 0 | L24: 0.531 | M24: 0 | N24: 0 | O24: 0 | P24: 0 | Q24: 0 | R24: 0.531 | S24: -0.531 | T24: -100
B25: КЛ 0,4 кВ ТП 422 - Советский пр., 131 | D25: 0.295 | E25: 0 | F25: 0 | G25: 0 | H25: 0 | I25: 0 | J25: 0 | K25: 0 | L25: 0.295 | M25: 0 | N25: 0 | O25: 0 | P25: 0 | Q25: 0 | R25: 0.295 | S25: -0.295 | T25: -100
B26: КЛ 0,4 кВ ТП 18, опора Л-4 (Сокол) - Некрасова, 41 | D26: 0.0944 | E26: 0 | F26: 0 | G26: 0 | H26: 0 | I26: 0 | J26: 0 | K26: 0 | L26: 0.0944 | M26: 0 | N26: 0 | O26: 0 | P26: 0 | Q26: 0 | R26: 0.0944 | S26: -0.0944 | T26: -100
B27: КЛ 0,4 кВ ТП 48 (Сокол) - Кирова, 38 | D27: 0.2006 | E27: 0 | F27: 0 | G27: 0 | H27: 0 | I27: 0 | J27: 0 | K27: 0 | L27: 0.2006 | M27: 0 | N27: 0 | O27: 0 | P27: 0 | Q27: 0 | R27: 0.2006 | S27: -0.2006 | T27: -100
B28: КЛ 0,4 кВ ТП 48 (Сокол) - Советская, 55 | D28: 0.1652 | E28: 0 | F28: 0 | G28: 0 | H28: 0 | I28: 0 | J28: 0 | K28: 0 | L28: 0.1652 | M28: 0 | N28: 0 | O28: 0 | P28: 0 | Q28: 0 | R28: 0.1652 | S28: -0.1652 | T28: -100
... B30: КЛ 0,4 кВ от ТП 67 с переводом на РТП 7 (г. Сокол) | D30: 0 | E30: 0.4165471 | F30: 0 | G30: 0 | H30: 0 | I30: 0.26717856 | J30: 0 | K30: 0.14936854 | L30: 0 | M30: 0 | N30: 0.4165471 | O30: 0 | P30: 0.4165471 | Q30: 0 | R30: -0.4165471 | S30: 0.4165471 | T30: 0
A31: 2.2 | B31: КЛ 6-10 кВ | D31: 19.824 | E31: 1.0203669 | F31: 0.96288 | G31: 0.74989 | H31: 0.21712 | I31: -0.0006309814 | J31: 2.93348 | K31: 0 | L31: 15.71052 | M31: 0.2711079 | N31: 1.0203669 | O31: 0.2711079 | P31: 1.1531521 | Q31: 0.40389313 | R31: 18.803633 | S31: -18.803633 | T31: -94.852871
B32: КЛ 6 кВ "ГПП-2 - 1 мкр. ПЗ | D32: 8.85 | E32: 0 | F32: 0 | G32: 0 | H32: 0 | I32: 0 | J32: 0 | K32: 0 | L32: 8.85 | M32: 0 | N32: 0 | O32: 0 | P32: 0 | Q32: 0 | R32: 8.85 | S32: -8.85 | T32: -100
B33: КЛ 6 кВ "ГПП, яч.59 - ВЛ 6 кВ (Л-6)" (Сокол) | D33: 0.944 | E33: 0 | F33: 0 | G33: 0 | H33: 0 | I33: 0 | J33: 0 | K33: 0 | L33: 0.944 | M33: 0 | N33: 0 | O33: 0 | P33: 0 | Q33: 0 | R33: 0.944 | S33: -0.944 | T33: -100
B34: КЛ 6 кВ "ТП 10 - ТП 11" (Сокол) | D34: 0.708 | E34: 0 | F34: 0 | G34: 0 | H34: 0 | I34: 0 | J34: 0 | K34: 0 | L34: 0.708 | M34: 0 | N34: 0 | O34: 0 | P34: 0 | Q34: 0 | R34: 0.708 | S34: -0.708 | T34: -100
B35: КЛ 10 кВ ПС "Центральная" - РП 10кВ "Разинский" | D35: 5.782 | E35: 0 | F35: 0 | G35: 0 | H35: 0 | I35: 0 | J35: 0 | K35: 0 | L35: 5.782 | M35: 0 | N35: 0 | O35: 0 | P35: 0 | Q35: 0 | R35: 5.782 | S35: -5.782 | T35: -100
B36: КЛ 10 кВ ПС "Воcточная" - ТП 561 | D36: 3.54 | E36: 0 | F36: 0 | G36: 0 | H36: 0 | I36: 0 | J36: 0 | K36: 0 | L36: 3.54 | M36: 0 | N36: 0 | O36: 0 | P36: 0 | Q36: 0 | R36: 3.54 | S36: -3.54 | T36: -100
B37: КЛ 6 кВ ТП1-ТП33 (г.Сокол) | D37: 0 | E37: 0.31731407 | F37: 0 | G37: 0.317302 | H37: 0 | I37: 1.20714e-05 | J37: 0 | K37: 0 | L37: 0 | M37: 0 | N37: 0.31731407 | O37: 0 | P37: 1.1531521 | Q37: 0.83583807 | R37: -0.31731407 | S37: 0.31731407 | T37: 0
B38: КЛ 10 кВ ТП374-ТП64 | D38: 0 | E38: 0.43194495 | F38: 0 | G38: 0.432588 | H38: 0 | I38: -0.0006430528 | J38: 0 | K38: 0 | L38: 0 | M38: 0 | N38: 0.43194495 | O38: 0 | P38: 0 | Q38: -0.43194495 | R38: -0.43194495 | S38: 0.43194495 | T38: 0
B39: Вынос КЛ 10 кВ "РП27-ТП682" пл.Федулова (ТП-9/2711 ЗАО Мост-продукт) | D39: 0 | E39: 0.23780476 | F39: 0 | G39: 0 | H39: 0 | I39: 0 | J39: 0 | K39: 0 | L39: 0 | M39: 0.23780476 | N39: 0.23780476 | O39: 0.23780476 | P39: 0 | Q39: 0 | R39: -0.23780476 | S39: 0.23780476 | T39: 0
B40: Реконструкция КЛ-6 кВ РП ТЭЦ-РП23 | D40: 0 | E40: 0.03330314 | F40: 0 | G40: 0 | H40: 0 | I40: 0 | J40: 0 | K40: 0 | L40: 0 | M40: 0.03330314 | N40: 0.03330314 | O40: 0.03330314 | P40: 0 | Q40: 0 | R40: -0.03330314 | S40: 0.03330314 | T40: 0
A41: 2.3 | B41: ВЛ 0,4 кВ | D41: 3.894 | E41: 1.5613396 | F41: 0.46492 | G41: 0.064428 | H41: 0.24308 | I41: 1.4969116 | J41: 0.57584 | K41: 2.3744895e-16 | L41: 2.61016 | M41: 0 | N41: 1.5613396 | O41: 0 | P41: 1.5613396 | Q41: 0 | R41: 2.3326604 | S41: -2.3326604 | T41: -59.903965
B42: ВЛ 0,4 кВ от ТП 427 (реконструкция необслуживаемых ведомственных сетей) | D42: 0.472 | E42: 0 | F42: 0 | G42: 0 | H42: 0 | I42: 0 | J42: 0 | K42: 0 | L42: 0.472 | M42: 0 | N42: 0 | O42: 0 | P42: 0 | Q42: 0 | R42: 0.472 | S42: -0.472 | T42: -100
B43: ВЛ 0,4 кВ от КТП 606 (реконструкция необслуживаемых ведомственных сетей) | D43: 0.944 | E43: 0 | F43: 0 | G43: 0 | H43: 0 | I43: 0 | J43: 0 | K43: 0 | L43: 0.944 | M43: 0 | N43: 0 | O43: 0 | P43: 0 | Q43: 0 | R43: 0.944 | S43: -0.944 | T43: -100
B44: ВЛ 0,4 кВ от ТП 64 (Сокол), Л-1 (разделение вывода) | D44: 0.472 | E44: 0 | F44: 0 | G44: 0 | H44: 0 | I44: 0 | J44: 0 | K44: 0 | L44: 0.472 | M44: 0 | N44: 0 | O44: 0 | P44: 0 | Q44: 0 | R44: 0.472 | S44: -0.472 | T44: -100
B45: ВЛ 0,4 кВ от ТП 64 (Сокол), Л-2 (разделение вывода) | D45: 0.472 | E45: 0 | F45: 0 | G45: 0 | H45: 0 | I45: 0 | J45: 0 | K45: 0 | L45: 0.472 | M45: 0 | N45: 0 | O45: 0 | P45: 0 | Q45: 0 | R45: 0.472 | S45: -0.472 | T45: -100
B46: ВЛ 0,4 кВ от ТП 43 (Сокол), Л-2 | D46: 0.236 | E46: 0 | F46: 0 | G46: 0 | H46: 0 | I46: 0 | J46: 0 | K46: 0 | L46: 0.236 | M46: 0 | N46: 0 | O46: 0 | P46: 0 | Q46: 0 | R46: 0.236 | S46: -0.236 | T46: -100
B47: ВЛ 0,4 кВ от ТП 33 (Сокол), Л-1 | D47: 0.708 | E47: 0 | F47: 0 | G47: 0 | H47: 0 | I47: 0 | J47: 0 | K47: 0 | L47: 0.708 | M47: 0 | N47: 0 | O47: 0 | P47: 0 | Q47: 0 | R47: 0.708 | S47: -0.708 | T47: -100
B48: ВЛ 0,4 кВ от КТП139 | D48: 0.59 | E48: 0 | F48: 0 | G48: 0 | H48: 0 | I48: 0 | J48: 0 | K48: 0 | L48: 0.59 | M48: 0 | N48: 0 | O48: 0 | P48: 0 | Q48: 0 | R48: 0.59 | S48: -0.59 | T48: -100
B49: ВЛ 0,4 кВ от ТП 34 (с.Устье-Кубенское) | D49: 0 | E49: 0.22475723 | F49: 0 | G49: 0.064428 | H49: 0 | I49: 0.16032923 | J49: 0 | K49: 0 | L49: 0 | M49: 0 | N49: 0.22475723 | O49: 0 | P49: 0.22475723 | Q49: 0 | R49: -0.22475723 | S49: 0.22475723 | T49: 0
B50: ВЛ 0,4 кВ от ТП 7 с установкой КТП | D50: 0 | E50: 1.3365824 | F50: 0 | G50: 0 | H50: 0 | I50: 1.3365824 | J50: 0 | K50: 0 | L50: 0 | M50: 0 | N50: 1.3365824 | O50: 0 | P50: 1.3365824 | Q50: 0 | R50: -1.3365824 | S50: 1.3365824 | T50: 0
A51: 2.4 | B51: ВЛ 6-10 кВ | D51: 5.31 | E51: 0.58469806 | F51: 0.54162 | G51: 0.58469 | H51: 0.63838 | I51: 8.0594e-06 | J51: 0.78588 | K51: 0 | L51: 3.34412 | M51: 0 | N51: 0.58469806 | O51: 0 | P51: 0.58469806 | Q51: 0 | R51: 4.7253019 | S51: -4.7253019 | T51: -88.988737
B52: ВЛ 6 кВ №31 | D52: 5.31 | E52: 0 | F52: 0 | G52: 0 | H52: 0 | I52: 0 | J52: 0 | K52: 0 | L52: 5.31 | M52: 0 | N52: 0 | O52: 0 | P52: 0 | Q52: 0 | R52: 5.31 | S52: -5.31 | T52: -100
B53: ВЛ 10 кВ ЛЭП №4 (с. Шуйское) | D53: 0 | E53: 0.58469806 | F53: 0 | G53: 0.58469 | H53: 0 | I53: 8.0594e-06 | J53: 0 | K53: 0 | L53: 0 | M53: 0 | N53: 0.58469806 | O53: 0 | P53: 0.58469806 | Q53: 0 | R53: -0.58469806 | S53: 0.58469806 | T53: 0
A54: 2.5 | B54: РТП, РП, ТП, КТП | D54: 41.182 | E54: 0 | F54: 2.3895 | G54: 0 | H54: 0.6785 | I54: 0 | J54: 6.09352 | K54: 0 | L54: 32.02048 | M54: 0 | N54: 0 | O54: 0 | P54: 0 | Q54: 0 | R54: 41.182 | S54: -41.182 | T54: -100
B55: КТП 295 (замена на 2хКТП) | D55: 4.13 | E55: 0 | F55: 0 | G55: 0 | H55: 0 | I55: 0 | J55: 0 | K55: 0 | L55: 4.13 | M55: 0 | N55: 0 | O55: 0 | P55: 0 | Q55: 0 | R55: 4.13 | S55: -4.13 | T55: -100
B56: ТП 518 (замена РУ-10 кВ) | D56: 0.649 | E56: 0 | F56: 0 | G56: 0 | H56: 0 | I56: 0 | J56: 0 | K56: 0 | L56: 0.649 | M56: 0 | N56: 0 | O56: 0 | P56: 0 | Q56: 0 | R56: 0.649 | S56: -0.649 | T56: -100
B57: ТП 10, с.Устье (замена РУ-10 кВ) | D57: 0.354 | E57: 0 | F57: 0 | G57: 0 | H57: 0 | I57: 0 | J57: 0 | K57: 0 | L57: 0.354 | M57: 0 | N57: 0 | O57: 0 | P57: 0 | Q57: 0 | R57: 0.354 | S57: -0.354 | T57: -100
B58: ТП 258 (РУ-6 кВ, секционирование) | D58: 0.649 | E58: 0 | F58: 0 | G58: 0 | H58: 0 | I58: 0 | J58: 0 | K58: 0 | L58: 0.649 | M58: 0 | N58: 0 | O58: 0 | P58: 0 | Q58: 0 | R58: 0.649 | S58: -0.649 | T58: -100
B59: ТП 23, г.Сокол (замена РУ-6 кВ) | D59: 0.708 | E59: 0 | F59: 0 | G59: 0 | H59: 0 | I59: 0 | J59: 0 | K59: 0 | L59: 0.708 | M59: 0 | N59: 0 | O59: 0 | P59: 0 | Q59: 0 | R59: 0.708 | S59: -0.708 | T59: -100
B60: ТП 48, г.Сокол (замена РУ-6 кВ, РУ-0,4кВ) | D60: 0.826 | E60: 0 | F60: 0 | G60: 0 | H60: 0 | I60: 0 | J60: 0 | K60: 0 | L60: 0.826 | M60: 0 | N60: 0 | O60: 0 | P60: 0 | Q60: 0 | R60: 0.826 | S60: -0.826 | T60: -100
B61: КТП 64, г.Сокол (замена КТП) | D61: 0.826 | E61: 0 | F61: 0 | G61: 0 | H61: 0 | I61: 0 | J61: 0 | K61: 0 | L61: 0.826 | M61: 0 | N61: 0 | O61: 0 | P61: 0 | Q61: 0 | R61: 0.826 | S61: -0.826 | T61: -100
B62: РП 28 - ливневая канализация | D62: 0.295 | E62: 0 | F62: 0 | G62: 0 | H62: 0 | I62: 0 | J62: 0 | K62: 0 | L62: 0.295 | M62: 0 | N62: 0 | O62: 0 | P62: 0 | Q62: 0 | R62: 0.295 | S62: -0.295 | T62: -100
B63: РП 31 - ливневая канализация | D63: 0.295 | E63: 0 | F63: 0 | G63: 0 | H63: 0 | I63: 0 | J63: 0 | K63: 0 | L63: 0.295 | M63: 0 | N63: 0 | O63: 0 | P63: 0 | Q63: 0 | R63: 0.295 | S63: -0.295 | T63: -100
B64: ЗРУ-35 кВ ПС 35/6 кВ "Городская" (СМВ) | D64: 2.95 | E64: 0 | F64: 0 | G64: 0 | H64: 0 | I64: 0 | J64: 0 | K64: 0 | L64: 2.95 | M64: 0 | N64: 0 | O64: 0 | P64: 0 | Q64: 0 | R64: 2.95 | S64: -2.95 | T64: -100
B65: РУ-10 кВ РТП-27 | D65: 8.85 | E65: 0 | F65: 0 | G65: 0 | H65: 0 | I65: 0 | J65: 0 | K65: 0 | L65: 8.85 | M65: 0 | N65: 0 | O65: 0 | P65: 0 | Q65: 0 | R65: 8.85 | S65: -8.85 | T65: -100
B66: ОРУ 35 кВ ПС 35/6 кВ "Северная" | D66: 7.552 | E66: 0 | F66: 0 | G66: 0 | H66: 0 | I66: 0 | J66: 0 | K66: 0 | L66: 7.552 | M66: 0 | N66: 0 | O66: 0 | P66: 0 | Q66: 0 | R66: 7.552 | S66: -7.552 | T66: -100
... B68: РП 10 кВ "Разинский" | D68: 9.44 | E68: 0 | F68: 0 | G68: 0 | H68: 0 | I68: 0 | J68: 0 | K68: 0 | L68: 9.44 | M68: 0 | N68: 0 | O68: 0 | P68: 0 | Q68: 0 | R68: 9.44 | S68: -9.44 | T68: -100
A69: 3 | B69: Технологическое присоединение к сетям | D69: 8.5017348 | E69: 115.04316 | F69: 0 | G69: 16.698888 | H69: 0 | I69: 48.068908 | J69: 0 | K69: 0 | L69: 8.5017348 | M69: 50.275368 | N69: 115.04316 | O69: 50.275368 | P69: 101.02348 | Q69: 36.255681 | R69: -106.54143 | S69: 106.54143 | T69: 1253.1728 | W69: исполнение требований действующего законодательства (постановление Правительства РФ от 27.12.2004 г. № 861)
A70: 4 | B70: Техническое перевооружение | D70: 11.82242 | E70: 11.237558 | F70: 0 | G70: 1.946882 | H70: 0.708 | I70: 4.0095687 | J70: 1.74876 | K70: 3.1878513 | L70: 9.36566 | M70: 2.093256 | N70: 11.237558 | O70: 2.093256 | P70: 11.237558 | Q70: 2.093256 | R70: 0.58486191 | S70: -0.58486191 | T70: -4.9470575
A71: 4.1 | B71: Оборудование | D71: 3.94002 | E71: 10.77354 | F71: 0 | G71: 1.946882 | H71: 0.59 | I71: 3.6961878 | J71: 0.58292 | K71: 3.0480563 | L71: 2.7671 | M71: 2.0824141 | N71: 10.77354 | O71: 2.0824141 | P71: 10.77354 | Q71: 2.0824141 | R71: -6.8335202 | S71: 6.8335202 | T71: 173.43872
B72: Оборудование, инструмент, средства механизации невходящее в сметы строек | D72: 1.67442 | E72: 0.14547199 | F72: 0 | G72: 0 | H72: 0 | I72: 0.054988 | J72: 0.2478 | K72: 0 | L72: 1.42662 | M72: 0.090483993 | N72: 0.14547199 | O72: 0.090483993 | P72: 0.14547199 | Q72: 0.090483993 | R72: 1.528948 | S72: -1.528948 | T72: -91.312097
B73: Замена силовых трансформаторов (физический износ, старый ГОСТ) | D73: 2.2656 | E73: 10.628068 | F73: 0 | G73: 1.946882 | H73: 0.59 | I73: 3.6411998 | J73: 0.33512 | K73: 3.0480563 | L73: 1.34048 | M73: 1.9919301 | N73: 10.628068 | O73: 1.9919301 | P73: 10.628068 | Q73: 1.9919301 | R73: -8.3624682 | S73: 8.3624682 | T73: 369.10612
A74: 4.2 | B74: Системы телемеханики связи | D74: 7.8824 | E74: 0.46401789 | F74: 0 | G74: 0 | H74: 0.118 | I74: 0.3133809 | J74: 1.16584 | K74: 0.13979502 | L74: 6.59856 | M74: 0.01084197 | N74: 0.46401789 | O74: 0.01084197 | P74: 0.46401789 | Q74: 0.01084197 | R74: 7.4183821 | S74: -7.4183821 | T74: -94.113241
B75: Модернизация систем телемеханики и питания собственных нужд РП | D75: 2.36 | E75: 0 | F75: 0 | G75: 0 | H75: 0 | I75: 0 | J75: 0 | K75: 0 | L75: 2.36 | M75: 0 | N75: 0 | O75: 0 | P75: 0 | Q75: 0 | R75: 2.36 | S75: -2.36 | T75: -100
B76: Сети передачи данных | D76: 0.944 | E76: 0 | F76: 0 | G76: 0 | H76: 0 | I76: 0 | J76: 0 | K76: 0 | L76: 0.944 | M76: 0 | N76: 0 | O76: 0 | P76: 0 | Q76: 0 | R76: 0.944 | S76: -0.944 | T76: -100
B77: Модернизация и создание новых рабочих мест | D77: 1.77 | E77: 0 | F77: 0 | G77: 0 | H77: 0 | I77: 0 | J77: 0 | K77: 0 | L77: 1.77 | M77: 0 | N77: 0 | O77: 0 | P77: 0 | Q77: 0 | R77: 1.77 | S77: -1.77 | T77: -100
B78: Средства связи, оргтехника | D78: 1.1564 | E78: 0 | F78: 0 | G78: 0 | H78: 0 | I78: 0 | J78: 0 | K78: 0 | L78: 1.1564 | M78: 0 | N78: 0 | O78: 0 | P78: 0 | Q78: 0 | R78: 1.1564 | S78: -1.1564 | T78: -100
B79: Замена серверного оборудования | D79: 0.59 | E79: 0 | F79: 0 | G79: 0 | H79: 0 | I79: 0 | J79: 0 | K79: 0 | L79: 0.59 | M79: 0 | N79: 0 | O79: 0 | P79: 0 | Q79: 0 | R79: 0.59 | S79: -0.59 | T79: -100
B80: Система охранной сгнализации | D80: 1.062 | E80: 0 | F80: 0 | G80: 0 | H80: 0 | I80: 0 | J80: 0 | K80: 0 | L80: 1.062 | M80: 0 | N80: 0 | O80: 0 | P80: 0 | Q80: 0 | R80: 1.062 | S80: -1.062 | T80: -100
A81: 4.3 | B81: Производственные базы | D81: 0 | E81: 0 | F81: 0 | G81: 0 | H81: 0 | I81: 0 | J81: 0 | K81: 0 | L81: 0 | M81: 0 | N81: 0 | O81: 0 | P81: 0 | Q81: 0 | R81: 0 | S81: 0 | T81: 0
A82: 5 | B82: Модернизация системы учета электричекой энергии и мощности | D82: 11.73982 | E82: 0.69280526 | F82: 0.01888 | G82: 0.5546 | H82: 0 | I82: 0.179065 | J82: 1.73696 | K82: -0.040859742 | L82: 9.98398 | M82: 3.2751579e-17 | N82: 0.69280526 | O82: 3.2751579e-17 | P82: 0.73640023 | Q82: 0.04359497 | R82: 11.047015 | S82: -11.047015 | T82: -94.098672
A83: 5.1 | B83: Приборы учета электроэнергии на границе балансовой принадлежности сетей | D83: 8.19982 | E83: 0.2179454 | F83: 0.01888 | G83: 0.5546 | H83: 0 | I83: 0.1273574 | J83: 1.21304 | K83: -0.464012 | L83: 6.9679 | M83: 0 | N83: 0.2179454 | O83: 0 | P83: 0.26154037 | Q83: 0.04359497 | R83: 7.9818746 | S83: -7.9818746 | T83: -97.342071
A84: 5.2 | B84: АИИС КУЭ | D84: 3.54 | E84: 0.47485986 | F84: 0 | G84: 0 | H84: 0 | I84: 0.0517076 | J84: 0.52392 | K84: 0.42315226 | L84: 3.01608 | M84: 3.2751579e-17 | N84: 0.47485986 | O84: 3.2751579e-17 | P84: 0.47485986 | Q84: 3.2751579e-17 | R84: 3.0651401 | S84: -3.0651401 | T84: -86.58588
A85: 6 | B85: Приобретение автотранспорта и спецтехнки | D85: 9.4754 | E85: 0 | F85: 0 | G85: 0 | H85: 0 | I85: 0 | J85: 1.40184 | K85: 0 | L85: 8.07356 | M85: 0 | N85: 0 | O85: 0 | P85: 0 | Q85: 0 | R85: 9.4754 | S85: -9.4754 | T85: -100
B86: ГАЗ-2705 | D86: 0.708 | E86: 0 | F86: 0 | G86: 0 | H86: 0 | I86: 0 | J86: 0 | K86: 0 | L86: 0.708 | M86: 0 | N86: 0 | O86: 0 | P86: 0 | Q86: 0 | R86: 0.708 | S86: -0.708 | T86: -100
B87: Легковой автомобиль | D87: 0.8614 | E87: 0 | F87: 0 | G87: 0 | H87: 0 | I87: 0 | J87: 0 | K87: 0 | L87: 0.8614 | M87: 0 | N87: 0 | O87: 0 | P87: 0 | Q87: 0 | R87: 0.8614 | S87: -0.8614 | T87: -100
B88: Экскаватор Volvo | D88: 4.189 | E88: 0 | F88: 0 | G88: 0 | H88: 0 | I88: 0 | J88: 0 | K88: 0 | L88: 4.189 | M88: 0 | N88: 0 | O88: 0 | P88: 0 | Q88: 0 | R88: 4.189 | S88: -4.189 | T88: -100
B89: АГП-18 | D89: 2.714 | E89: 0 | F89: 0 | G89: 0 | H89: 0 | I89: 0 | J89: 0 | K89: 0 | L89: 2.714 | M89: 0 | N89: 0 | O89: 0 | P89: 0 | Q89: 0 | R89: 2.714 | S89: -2.714 | T89: -100
B90: ГАЗ 3309 фургон | D90: 1.003 | E90: 0 | F90: 0 | G90: 0 | H90: 0 | I90: 0 | J90: 0 | K90: 0 | L90: 1.003 | M90: 0 | N90: 0 | O90: 0 | P90: 0 | Q90: 0 | R90: 1.003 | S90: -1.003 | T90: -100
A91: 7 | B91: Мероприятия по охране труда | D91: 0.236 | E91: 0 | F91: 0 | G91: 0 | H91: 0 | I91: 0 | J91: 0 | K91: 0 | L91: 0.236 | M91: 0 | N91: 0 | O91: 0 | P91: 0 | Q91: 0 | R91: 0.236 | S91: -0.236 | T91: -100
A93: * | B93: В ценах отчетного года.
A94: ** | B94: План согласно утвержденной инвестиционной программе.
A95: *** | B95: Накопленным итогом за год.
B98: Панько Д.М.
B99: 88172-54-55-71

Sheet 6.2
EY1: Приложение № 6.2
EY2: к Приказу Минэнерго России
EY3: от 24.03.2010 № 114
A4: Отчет об источниках финансирования инвестиционных программ ГП ВО "Облстные электротеплосети" за 2014 год, млн. рублей с НДС
AP5: Утверждаю Директор ГП ВО "Областные электротеплосети"
AZ6: ________________А.А. Елисеев
AZ7: "____"______________20 года
EY8: М.П.
A10: № | G10: Источник финансирования | AO10: Объем финансирования [отчетный год] | EA10: Причины отклонений
AO11: всего | BG11: I кв. | BY11: II кв. | CQ11: III кв. | DI11: IV кв.
AO12: план * | AX12: факт ** | BG12: план | BP12: факт | BY12: план | CH12: факт | CQ12: план | CZ12: факт | DI12: план | DR12: факт
A13: 1 | G13: Собственные средства | AO13: 118.15677 | AX13: 130.55648 | BG13: 4.7023 | BP13: 20.599378 | BY13: 2.75058 | CH13: 54.021009 | CQ13: 16.1896 | CZ13: 3.2963601 | DI13: 94.514295 | DR13: 52.639732
A14: 1.1. | G14: Прибыль, направляемая на инвестиции: | AO14: 0 | AX14: 0 | BG14: 0 | BP14: 0 | BY14: 0 | CH14: 0
A15: 1.1.1. | G15: в т.ч. инвестиционная составляющая в тарифе | AO15: 0 | AX15: 0
A16: 1.1.2. | G16: в т.ч. прибыль со свободного сектора | AO16: 0 | AX16: 0
A17: 1.1.3. | G17: в т.ч. выпадающие доходы в тарифе | AO17: 7.20486 | AX17: 5.543 | DI17: 7.20486 | DR17: 5.543
A18: 1.1.3.1. | G18: в т.ч. от технологического присоединения генерации | AO18: 0 | AX18: 0
A19: 1.1.3.2. | G19: в т.ч. от технологического присоединения потребителей | AO19: 0 | AX19: 0
A20: 1.1.4. | G20: Прочая прибыль | AO20: 0 | AX20: 0
A21: 1.2. | G21: Амортизация | AO21: 92.928 | AX21: 84.473792 | BG21: 3.985 | BP21: 16.5441 | BY21: 2.331 | CH21: 41.615788 | CQ21: 13.72 | CZ21: -7.6518963 | DI21: 72.892 | DR21: 33.965801
A22: 1.2.1. | G22: Амортизация, учтенная в тарифе | AO22: 92.928 | AX22: 84.473792 | BG22: 3.985 | BP22: 16.5441 | BY22: 2.331 | CH22: 41.615788 | CQ22: 13.72 | CZ22: -7.6518963 | DI22: 72.892 | DR22: 33.965801
A23: 1.2.2. | G23: Прочая амортизация | AO23: 0 | AX23: 0
A24: 1.2.3. | G24: Недоиспользованная амортизация прошлых лет | AO24: 0 | AX24: 0
A25: 1.3. | G25: Возврат НДС | AO25: 18.023915 | AX25: 19.915395 | BG25: 0.7173 | BP25: 3.142278 | BY25: 0.41958 | CH25: 8.2404929 | CQ25: 2.4696 | CZ25: 0.5028346 | DI25: 14.417435 | DR25: 8.0297896
A26: 1.4. | G26: Прочие собственные средства (плата за технологическое присоединение потребителей) | AO26: 0 | AX26: 20.624292 | BG26: 0 | BP26: 0.913 | BY26: 0 | CH26: 4.1647288 | CQ26: 0 | CZ26: 10.445422 | DR26: 5.1011411
A27: 1.4.1. | G27: в т.ч. средства допэмиссии
A28: 1.5. | G28: Остаток собственных средств на начало года
A29: 2. | G29: Привлеченные средства, в т.ч.:
A30: 2.1. | G30: Кредиты
A31: 2.2. | G31: Облигационные займы
A32: 2.3. | G32: Займы организаций
A33: 2.4. | G33: Бюджетное финансирование
A34: 2.5. | G34: Средства внешних инвесторов
A35: 2.6. | G35: Использование лизинга
A36: 2.7. | G36: Прочие привлеченные средства
G37: ВСЕГО источников финансирования
G38: для ОГК/ТГК, в том числе
G39: ДПМ
G40: вне ДПМ
B42: Панько Д.М.
B43: 88172-54-55-71

Sheet 6.3
BF1: Приложение № 6.3 к Приказу Минэнерго России от 24.03.2010 № 114
A3: Отчет о вводах/выводах объектов за 2014 год
BF4: Утверждаю Директор ГП ВО "Областные электротеплосети"
BF5: ________________А.А. Елисеев
BF6: "____"______________20 года
FI8: М.П.
A11: № | F11: Наименование проекта | Z11: Ввод мощностей | CR11: Вывод мощностей
Z12: план * | BI12: факт | CR12: план * | EA12: факт
Z13: МВт, Гкал/час, км, МВА | BI13: МВт, Гкал/час, км, МВА | CR13: МВт, Гкал/час, км, МВА | EA13: МВт, Гкал/час, км, МВА
Z14: I кв. | AG14: II кв. | AN14: III кв. | AU14: IV кв. | BB14: 2014 г. | BI14: I кв. | BP14: II кв. | BW14: III кв. | CD14: IV кв. | CK14: 2014 г. | CR14: I кв. | CY14: II кв. | DF14: III кв. | DM14: IV кв. | DT14: 2014 г. | EA14: I кв. | EH14: II кв. | EO14: III кв. | EV14: IV кв. | FC14: 2014 г.
A15: 1 | F15: 2 | Z15: 3 | AG15: 4 | AN15: 5 | AU15: 6 | BB15: 3 | BI15: 8 | BP15: 9 | BW15: 10 | CD15: 11 | CK15: 4 | CR15: 5 | CY15: 14 | DF15: 15 | DM15: 16 | DT15: 5 | EA15: 18 | EH15: 19 | EO15: 20 | EV15: 21 | FC15: 6
A16: 1 | F16: Реконструкция | Z16: 0.83696441 | AG16: 0.52837997 | AN16: 1.5772466 | AU16: 7.717409 | BB16: 10.66 | BI16: 0.9 | BP16: 3.5 | BW16: 0 | CD16: 0.26 | CK16: 4.66 | CR16: 0.57224863 | CY16: 0.42133841 | DF16: 0.89834901 | DM16: 4.180064 | DT16: 6.072 | EA16: 0 | EH16: 0 | EO16: 0 | EV16: 0 | FC16: 0
A17: 1.1. | F17: КЛ 0,4 кВ | Z17: 0.17546917 | AG17: 0.14356568 | AN17: 0.35221448 | AU17: 1.7087507 | BB17: 2.38 | BI17: 0 | BP17: 0 | BW17: 0 | CD17: 0 | CK17: 0 | CR17: 0.11294906 | CY17: 0.092412869 | DF17: 0.22671957 | DM17: 1.0999185 | DT17: 1.532 | EA17: 0 | EH17: 0 | EO17: 0 | EV17: 0 | FC17: 0
A18: 1.2. | F18: КЛ 6-10 кВ | Z18: 0.20642857 | AG18: 0.046547619 | AN18: 0.62889881 | AU18: 3.368125 | BB18: 4.25 | BI18: 0.85 | BP18: 0 | BW18: 0 | CD18: 0.26 | CK18: 1.11 | CR18: 0.038857143 | CY18: 0.0087619048 | DF18: 0.11838095 | DM18: 0.634 | DT18: 0.8 | EA18: 0 | EH18: 0 | EO18: 0 | EV18: 0 | FC18: 0
A19: 1.3. | F19: ВЛ 0,4 кВ | Z19: 0.30206667 | AG19: 0.15793333 | AN19: 0.37413333 | AU19: 1.6958667 | BB19: 2.53 | BI19: 0.05 | BP19: 3.27 | BW19: 0 | CD19: 0 | CK19: 3.32 | CR19: 0.26744242 | CY19: 0.1398303 | DF19: 0.33124848 | DM19: 1.5014788 | DT19: 2.24 | EA19: 0 | EH19: 0 | EO19: 0 | EV19: 0 | FC19: 0
A20: 1.4. | F20: ВЛ 6-10 кВ | Z20: 0.153 | AG20: 0.18033333 | AN20: 0.222 | AU20: 0.94466667 | BB20: 1.5 | BI20: 0 | BP20: 0.23 | BW20: 0 | CD20: 0 | CK20: 0.23 | CR20: 0.153 | CY20: 0.18033333 | DF20: 0.222 | DM20: 0.94466667 | DT20: 1.5 | EA20: 0 | EH20: 0 | EO20: 0 | EV20: 0 | FC20: 0
A21: 2 | F21: Технологическое присоединение | Z21: 0 | AG21: 0 | AN21: 0 | AU21: 0 | BB21: 0 | BI21: 0,42/4,1 | BP21: 3,51/16,01 | BW21: 7,17/8,76 | CD21: 3,4/8,63 | CK21: 14,5/37,5 | CR21: 0 | CY21: 0 | DF21: 0 | DM21: 0 | DT21: 0 | EA21: 0 | EH21: 0 | EO21: 0 | EV21: 0 | FC21: 0
A28: Белоусов С.Н.
A29: 88712-54-00-24

Sheet 7.1
U1: Приложение № 7.1 к Приказу Минэнерго России от 24.03.2010 № 114
A2: Отчет об исполнении инвестиционной программы ГП ВО "Областные электротеплосети" за 2014 год, млн. рублей с НДС
W3: Утверждаю
U4: Директор ГП ВО "Областные электротеплосети"
U5: _________________А.А. Елисеев
U6: "____"______________20 года
W8: М.П.
A10: № | B10: Наименование объекта | C10: Остаток стоимости на начало года * | D10: Объем финансирования [отчетный год] | N10: Освоено (закрыто актами выполненных работ), млн. рублей | P10: Введено (оформлено актами ввода в эксплуатацию), млн. рублей | R10: Осталось профинанси- ровать по результатам отчетного периода * | S10: Отклонение *** | W10: Причины отклонений
D11: всего | F11: I кв. | H11: II кв. | J11: III кв. | L11: IV кв. | S11: млн. рублей | T11: % | U11: в том числе за счет
D12: план ** | E12: факт *** | F12: план | G12: факт | H12: план | I12: факт | J12: план | K12: факт | L12: план | M12: факт | N12: всего | O12: за отчетный квартал | P12: всего | Q12: за отчетный квартал | U12: уточнения стоимости по результатам утвержденной ПСД | V12: уточнения стоимости по результатам закупочных процедур
B13: ВСЕГО | D13: 118.15677 | E13: 130.55648 | F13: 4.7023 | G13: 20.599378 | H13: 2.75058 | I13: 54.021009 | J13: 16.1896 | K13: 3.2963601 | L13: 94.514295 | M13: 52.639732 | N13: 130.55648 | O13: 52.639732 | P13: 116.71317 | Q13: 38.796425 | R13: -12.399704 | S13: 12.399704 | T13: 10.494281
A14: 1 | B14: ПИР | D14: 1.77 | E14: 0 | F14: 0 | G14: 0 | H14: 0 | I14: 0 | J14: 0.26196 | K14: 0 | L14: 1.50804 | M14: 0 | N14: 0 | O14: 0 | P14: 0 | Q14: 0 | R14: 1.77 | S14: -1.77 | T14: -100
A15: 2 | B15: Реконструкция | D15: 74.6114 | E15: 3.5829517 | F15: 4.68342 | G15: 1.399008 | H15: 2.04258 | I15: 1.7634672 | J15: 11.04008 | K15: 0.14936854 | L15: 56.84532 | M15: 0.2711079 | N15: 3.5829517 | O15: 0.2711079 | P15: 3.7157369 | Q15: 0.40389313 | R15: 71.028448 | S15: -71.028448 | T15: -95.19785
A16: 2.1 | B16: КЛ 0,4 кВ | D16: 4.4014 | E16: 0.4165471 | F16: 0.3245 | G16: 0 | H16: 0.2655 | I16: 0.26717856 | J16: 0.65136 | K16: 0.14936854 | L16: 3.16004 | M16: 0 | N16: 0.4165471 | O16: 0 | P16: 0.4165471 | Q16: 0 | R16: 3.9848529 | S16: -3.9848529 | T16: -90.536032
B17: КЛ 0,4 кВ ТП 106 - Козленская, 127; Козленская, 127-А | D17: 0.826 | E17: 0 | F17: 0 | G17: 0 | H17: 0 | I17: 0 | J17: 0 | K17: 0 | L17: 0.826 | M17: 0 | N17: 0 | O17: 0 | P17: 0 | Q17: 0 | R17: 0.826 | S17: -0.826 | T17: -100
B18: КЛ 0,4 кВ ТП 367 - Герцена, 94; Яшина, 20 | D18: 0.649 | E18: 0 | F18: 0 | G18: 0 | H18: 0 | I18: 0 | J18: 0 | K18: 0 | L18: 0.649 | M18: 0 | N18: 0 | O18: 0 | P18: 0 | Q18: 0 | R18: 0.649 | S18: -0.649 | T18: -100
B19: КЛ 0,4 кВ ТП 367 - Ветошкина, 99; Ветошкина, 99-А | D19: 0.59 | E19: 0 | F19: 0 | G19: 0 | H19: 0 | I19: 0 | J19: 0 | K19: 0 | L19: 0.59 | M19: 0 | N19: 0 | O19: 0 | P19: 0 | Q19: 0 | R19: 0.59 | S19: -0.59 | T19: -100
B20: КЛ 0,4 кВ ТП 533 - 1 мкр. ПЗ, 9 | D20: 0.177 | E20: 0 | F20: 0 | G20: 0 | H20: 0 | I20: 0 | J20: 0 | K20: 0 | L20: 0.177 | M20: 0 | N20: 0 | O20: 0 | P20: 0 | Q20: 0 | R20: 0.177 | S20: -0.177 | T20: -100
B21: КЛ 0,4 кВ ТП 533 - 1 мкр. ПЗ, 10 (корп.2) | D21: 0.295 | E21: 0 | F21: 0 | G21: 0 | H21: 0 | I21: 0 | J21: 0 | K21: 0 | L21: 0.295 | M21: 0 | N21: 0 | O21: 0 | P21: 0 | Q21: 0 | R21: 0.295 | S21: -0.295 | T21: -100
B22: КЛ 0,4 кВ ТП 534 - 1 мкр. ПЗ, 21 | D22: 0.1652 | E22: 0 | F22: 0 | G22: 0 | H22: 0 | I22: 0 | J22: 0 | K22: 0 | L22: 0.1652 | M22: 0 | N22: 0 | O22: 0 | P22: 0 | Q22: 0 | R22: 0.1652 | S22: -0.1652 | T22: -100
B23: КЛ 0,4 кВ ТП 534 - 1 мкр. ПЗ, 23 | D23: 0.1652 | E23: 0 | F23: 0 | G23: 0 | H23: 0 | I23: 0 | J23: 0 | K23: 0 | L23: 0.1652 | M23: 0 | N23: 0 | O23: 0 | P23: 0 | Q23: 0 | R23: 0.1652 | S23: -0.1652 | T23: -100
B24: КЛ 0,4 кВ ТП 466 - шк. Поповича, 26-А | D24: 0.531 | E24: 0 | F24: 0 | G24: 0 | H24: 0 | I24: 0 | J24: 0 | K24: 0 | L24: 0.531 | M24: 0 | N24: 0 | O24: 0 | P24: 0 | Q24: 0 | R24: 0.531 | S24: -0.531 | T24: -100
B25: КЛ 0,4 кВ ТП 422 - Советский пр., 131 | D25: 0.295 | E25: 0 | F25: 0 | G25: 0 | H25: 0 | I25: 0 | J25: 0 | K25: 0 | L25: 0.295 | M25: 0 | N25: 0 | O25: 0 | P25: 0 | Q25: 0 | R25: 0.295 | S25: -0.295 | T25: -100
B26: КЛ 0,4 кВ ТП 18, опора Л-4 (Сокол) - Некрасова, 41 | D26: 0.0944 | E26: 0 | F26: 0 | G26: 0 | H26: 0 | I26: 0 | J26: 0 | K26: 0 | L26: 0.0944 | M26: 0 | N26: 0 | O26: 0 | P26: 0 | Q26: 0 | R26: 0.0944 | S26: -0.0944 | T26: -100
B27: КЛ 0,4 кВ ТП 48 (Сокол) - Кирова, 38 | D27: 0.2006 | E27: 0 | F27: 0 | G27: 0 | H27: 0 | I27: 0 | J27: 0 | K27: 0 | L27: 0.2006 | M27: 0 | N27: 0 | O27: 0 | P27: 0 | Q27: 0 | R27: 0.2006 | S27: -0.2006 | T27: -100
B28: КЛ 0,4 кВ ТП 48 (Сокол) - Советская, 55 | D28: 0.1652 | E28: 0 | F28: 0 | G28: 0 | H28: 0 | I28: 0 | J28: 0 | K28: 0 | L28: 0.1652 | M28: 0 | N28: 0 | O28: 0 | P28: 0 | Q28: 0 | R28: 0.1652 | S28: -0.1652 | T28: -100
... B30: КЛ 0,4 кВ от ТП 67 с переводом на РТП 7 (г. Сокол) | D30: 0 | E30: 0.4165471 | F30: 0 | G30: 0 | H30: 0 | I30: 0.26717856 | J30: 0 | K30: 0.14936854 | L30: 0 | M30: 0 | N30: 0.4165471 | O30: 0 | P30: 0.4165471 | Q30: 0 | R30: -0.4165471 | S30: 0.4165471 | T30: 0
A31: 2.2 | B31: КЛ 6-10 кВ | D31: 19.824 | E31: 1.0203669 | F31: 0.96288 | G31: 0.74989 | H31: 0.21712 | I31: -0.0006309814 | J31: 2.93348 | K31: 0 | L31: 15.71052 | M31: 0.2711079 | N31: 1.0203669 | O31: 0.2711079 | P31: 1.1531521 | Q31: 0.40389313 | R31: 18.803633 | S31: -18.803633 | T31: -94.852871
B32: КЛ 6 кВ "ГПП-2 - 1 мкр. ПЗ | D32: 8.85 | E32: 0 | F32: 0 | G32: 0 | H32: 0 | I32: 0 | J32: 0 | K32: 0 | L32: 8.85 | M32: 0 | N32: 0 | O32: 0 | P32: 0 | Q32: 0 | R32: 8.85 | S32: -8.85 | T32: -100
B33: КЛ 6 кВ "ГПП, яч.59 - ВЛ 6 кВ (Л-6)" (Сокол) | D33: 0.944 | E33: 0 | F33: 0 | G33: 0 | H33: 0 | I33: 0 | J33: 0 | K33: 0 | L33: 0.944 | M33: 0 | N33: 0 | O33: 0 | P33: 0 | Q33: 0 | R33: 0.944 | S33: -0.944 | T33: -100
B34: КЛ 6 кВ "ТП 10 - ТП 11" (Сокол) | D34: 0.708 | E34: 0 | F34: 0 | G34: 0 | H34: 0 | I34: 0 | J34: 0 | K34: 0 | L34: 0.708 | M34: 0 | N34: 0 | O34: 0 | P34: 0 | Q34: 0 | R34: 0.708 | S34: -0.708 | T34: -100
B35: КЛ 10 кВ ПС "Центральная" - РП 10кВ "Разинский" | D35: 5.782 | E35: 0 | F35: 0 | G35: 0 | H35: 0 | I35: 0 | J35: 0 | K35: 0 | L35: 5.782 | M35: 0 | N35: 0 | O35: 0 | P35: 0 | Q35: 0 | R35: 5.782 | S35: -5.782 | T35: -100
B36: КЛ 10 кВ ПС "Воcточная" - ТП 561 | D36: 3.54 | E36: 0 | F36: 0 | G36: 0 | H36: 0 | I36: 0 | J36: 0 | K36: 0 | L36: 3.54 | M36: 0 | N36: 0 | O36: 0 | P36: 0 | Q36: 0 | R36: 3.54 | S36: -3.54 | T36: -100
B37: КЛ 6 кВ ТП1-ТП33 (г.Сокол) | D37: 0 | E37: 0.31731407 | F37: 0 | G37: 0.317302 | H37: 0 | I37: 1.20714e-05 | J37: 0 | K37: 0 | L37: 0 | M37: 0 | N37: 0.31731407 | O37: 0 | P37: 1.1531521 | Q37: 0.83583807 | R37: -0.31731407 | S37: 0.31731407 | T37: 0
B38: КЛ 10 кВ ТП374-ТП64 | D38: 0 | E38: 0.43194495 | F38: 0 | G38: 0.432588 | H38: 0 | I38: -0.0006430528 | J38: 0 | K38: 0 | L38: 0 | M38: 0 | N38: 0.43194495 | O38: 0 | P38: 0 | Q38: -0.43194495 | R38: -0.43194495 | S38: 0.43194495 | T38: 0
B39: Вынос КЛ 10 кВ "РП27-ТП682" пл.Федулова (ТП-9/2711 ЗАО Мост-продукт) | D39: 0 | E39: 0.23780476 | F39: 0 | G39: 0 | H39: 0 | I39: 0 | J39: 0 | K39: 0 | L39: 0 | M39: 0.23780476 | N39: 0.23780476 | O39: 0.23780476 | P39: 0 | Q39: 0 | R39: -0.23780476 | S39: 0.23780476 | T39: 0
B40: Реконструкция КЛ-6 кВ РП ТЭЦ-РП23 | D40: 0 | E40: 0.03330314 | F40: 0 | G40: 0 | H40: 0 | I40: 0 | J40: 0 | K40: 0 | L40: 0 | M40: 0.03330314 | N40: 0.03330314 | O40: 0.03330314 | P40: 0 | Q40: 0 | R40: -0.03330314 | S40: 0.03330314 | T40: 0
A41: 2.3 | B41: ВЛ 0,4 кВ | D41: 3.894 | E41: 1.5613396 | F41: 0.46492 | G41: 0.064428 | H41: 0.24308 | I41: 1.4969116 | J41: 0.57584 | K41: 2.3744895e-16 | L41: 2.61016 | M41: 0 | N41: 1.5613396 | O41: 0 | P41: 1.5613396 | Q41: 0 | R41: 2.3326604 | S41: -2.3326604 | T41: -59.903965
B42: ВЛ 0,4 кВ от ТП 427 (реконструкция необслуживаемых ведомственных сетей) | D42: 0.472 | E42: 0 | F42: 0 | G42: 0 | H42: 0 | I42: 0 | J42: 0 | K42: 0 | L42: 0.472 | M42: 0 | N42: 0 | O42: 0 | P42: 0 | Q42: 0 | R42: 0.472 | S42: -0.472 | T42: -100
B43: ВЛ 0,4 кВ от КТП 606 (реконструкция необслуживаемых ведомственных сетей) | D43: 0.944 | E43: 0 | F43: 0 | G43: 0 | H43: 0 | I43: 0 | J43: 0 | K43: 0 | L43: 0.944 | M43: 0 | N43: 0 | O43: 0 | P43: 0 | Q43: 0 | R43: 0.944 | S43: -0.944 | T43: -100
B44: ВЛ 0,4 кВ от ТП 64 (Сокол), Л-1 (разделение вывода) | D44: 0.472 | E44: 0 | F44: 0 | G44: 0 | H44: 0 | I44: 0 | J44: 0 | K44: 0 | L44: 0.472 | M44: 0 | N44: 0 | O44: 0 | P44: 0 | Q44: 0 | R44: 0.472 | S44: -0.472 | T44: -100
B45: ВЛ 0,4 кВ от ТП 64 (Сокол), Л-2 (разделение вывода) | D45: 0.472 | E45: 0 | F45: 0 | G45: 0 | H45: 0 | I45: 0 | J45: 0 | K45: 0 | L45: 0.472 | M45: 0 | N45: 0 | O45: 0 | P45: 0 | Q45: 0 | R45: 0.472 | S45: -0.472 | T45: -100
B46: ВЛ 0,4 кВ от ТП 43 (Сокол), Л-2 | D46: 0.236 | E46: 0 | F46: 0 | G46: 0 | H46: 0 | I46: 0 | J46: 0 | K46: 0 | L46: 0.236 | M46: 0 | N46: 0 | O46: 0 | P46: 0 | Q46: 0 | R46: 0.236 | S46: -0.236 | T46: -100
B47: ВЛ 0,4 кВ от ТП 33 (Сокол), Л-1 | D47: 0.708 | E47: 0 | F47: 0 | G47: 0 | H47: 0 | I47: 0 | J47: 0 | K47: 0 | L47: 0.708 | M47: 0 | N47: 0 | O47: 0 | P47: 0 | Q47: 0 | R47: 0.708 | S47: -0.708 | T47: -100
B48: ВЛ 0,4 кВ от КТП139 | D48: 0.59 | E48: 0 | F48: 0 | G48: 0 | H48: 0 | I48: 0 | J48: 0 | K48: 0 | L48: 0.59 | M48: 0 | N48: 0 | O48: 0 | P48: 0 | Q48: 0 | R48: 0.59 | S48: -0.59 | T48: -100
B49: ВЛ 0,4 кВ от ТП 34 (с.Устье-Кубенское) | D49: 0 | E49: 0.22475723 | F49: 0 | G49: 0.064428 | H49: 0 | I49: 0.16032923 | J49: 0 | K49: 0 | L49: 0 | M49: 0 | N49: 0.22475723 | O49: 0 | P49: 0.22475723 | Q49: 0 | R49: -0.22475723 | S49: 0.22475723 | T49: 0
B50: ВЛ 0,4 кВ от ТП 7 с установкой КТП | D50: 0 | E50: 1.3365824 | F50: 0 | G50: 0 | H50: 0 | I50: 1.3365824 | J50: 0 | K50: 0 | L50: 0 | M50: 0 | N50: 1.3365824 | O50: 0 | P50: 1.3365824 | Q50: 0 | R50: -1.3365824 | S50: 1.3365824 | T50: 0
A51: 2.4 | B51: ВЛ 6-10 кВ | D51: 5.31 | E51: 0.58469806 | F51: 0.54162 | G51: 0.58469 | H51: 0.63838 | I51: 8.0594e-06 | J51: 0.78588 | K51: 0 | L51: 3.34412 | M51: 0 | N51: 0.58469806 | O51: 0 | P51: 0.58469806 | Q51: 0 | R51: 4.7253019 | S51: -4.7253019 | T51: -88.988737
B52: ВЛ 6 кВ №31 | D52: 5.31 | E52: 0 | F52: 0 | G52: 0 | H52: 0 | I52: 0 | J52: 0 | K52: 0 | L52: 5.31 | M52: 0 | N52: 0 | O52: 0 | P52: 0 | Q52: 0 | R52: 5.31 | S52: -5.31 | T52: -100
B53: ВЛ 10 кВ ЛЭП №4 (с. Шуйское) | D53: 0 | E53: 0.58469806 | F53: 0 | G53: 0.58469 | H53: 0 | I53: 8.0594e-06 | J53: 0 | K53: 0 | L53: 0 | M53: 0 | N53: 0.58469806 | O53: 0 | P53: 0.58469806 | Q53: 0 | R53: -0.58469806 | S53: 0.58469806 | T53: 0
A54: 2.5 | B54: РТП, РП, ТП, КТП | D54: 41.182 | E54: 0 | F54: 2.3895 | G54: 0 | H54: 0.6785 | I54: 0 | J54: 6.09352 | K54: 0 | L54: 32.02048 | M54: 0 | N54: 0 | O54: 0 | P54: 0 | Q54: 0 | R54: 41.182 | S54: -41.182 | T54: -100
B55: КТП 295 (замена на 2хКТП) | D55: 4.13 | E55: 0 | F55: 0 | G55: 0 | H55: 0 | I55: 0 | J55: 0 | K55: 0 | L55: 4.13 | M55: 0 | N55: 0 | O55: 0 | P55: 0 | Q55: 0 | R55: 4.13 | S55: -4.13 | T55: -100
B56: ТП 518 (замена РУ-10 кВ) | D56: 0.649 | E56: 0 | F56: 0 | G56: 0 | H56: 0 | I56: 0 | J56: 0 | K56: 0 | L56: 0.649 | M56: 0 | N56: 0 | O56: 0 | P56: 0 | Q56: 0 | R56: 0.649 | S56: -0.649 | T56: -100
B57: ТП 10, с.Устье (замена РУ-10 кВ) | D57: 0.354 | E57: 0 | F57: 0 | G57: 0 | H57: 0 | I57: 0 | J57: 0 | K57: 0 | L57: 0.354 | M57: 0 | N57: 0 | O57: 0 | P57: 0 | Q57: 0 | R57: 0.354 | S57: -0.354 | T57: -100
B58: ТП 258 (РУ-6 кВ, секционирование) | D58: 0.649 | E58: 0 | F58: 0 | G58: 0 | H58: 0 | I58: 0 | J58: 0 | K58: 0 | L58: 0.649 | M58: 0 | N58: 0 | O58: 0 | P58: 0 | Q58: 0 | R58: 0.649 | S58: -0.649 | T58: -100
B59: ТП 23, г.Сокол (замена РУ-6 кВ) | D59: 0.708 | E59: 0 | F59: 0 | G59: 0 | H59: 0 | I59: 0 | J59: 0 | K59: 0 | L59: 0.708 | M59: 0 | N59: 0 | O59: 0 | P59: 0 | Q59: 0 | R59: 0.708 | S59: -0.708 | T59: -100
B60: ТП 48, г.Сокол (замена РУ-6 кВ, РУ-0,4кВ) | D60: 0.826 | E60: 0 | F60: 0 | G60: 0 | H60: 0 | I60: 0 | J60: 0 | K60: 0 | L60: 0.826 | M60: 0 | N60: 0 | O60: 0 | P60: 0 | Q60: 0 | R60: 0.826 | S60: -0.826 | T60: -100
B61: КТП 64, г.Сокол (замена КТП) | D61: 0.826 | E61: 0 | F61: 0 | G61: 0 | H61: 0 | I61: 0 | J61: 0 | K61: 0 | L61: 0.826 | M61: 0 | N61: 0 | O61: 0 | P61: 0 | Q61: 0 | R61: 0.826 | S61: -0.826 | T61: -100
B62: РП 28 - ливневая канализация | D62: 0.295 | E62: 0 | F62: 0 | G62: 0 | H62: 0 | I62: 0 | J62: 0 | K62: 0 | L62: 0.295 | M62: 0 | N62: 0 | O62: 0 | P62: 0 | Q62: 0 | R62: 0.295 | S62: -0.295 | T62: -100
B63: РП 31 - ливневая канализация | D63: 0.295 | E63: 0 | F63: 0 | G63: 0 | H63: 0 | I63: 0 | J63: 0 | K63: 0 | L63: 0.295 | M63: 0 | N63: 0 | O63: 0 | P63: 0 | Q63: 0 | R63: 0.295 | S63: -0.295 | T63: -100
B64: ЗРУ-35 кВ ПС 35/6 кВ "Городская" (СМВ) | D64: 2.95 | E64: 0 | F64: 0 | G64: 0 | H64: 0 | I64: 0 | J64: 0 | K64: 0 | L64: 2.95 | M64: 0 | N64: 0 | O64: 0 | P64: 0 | Q64: 0 | R64: 2.95 | S64: -2.95 | T64: -100
B65: РУ-10 кВ РТП-27 | D65: 8.85 | E65: 0 | F65: 0 | G65: 0 | H65: 0 | I65: 0 | J65: 0 | K65: 0 | L65: 8.85 | M65: 0 | N65: 0 | O65: 0 | P65: 0 | Q65: 0 | R65: 8.85 | S65: -8.85 | T65: -100
B66: ОРУ 35 кВ ПС 35/6 кВ "Северная" | D66: 7.552 | E66: 0 | F66: 0 | G66: 0 | H66: 0 | I66: 0 | J66: 0 | K66: 0 | L66: 7.552 | M66: 0 | N66: 0 | O66: 0 | P66: 0 | Q66: 0 | R66: 7.552 | S66: -7.552 | T66: -100
... B68: РП 10 кВ "Разинский" | D68: 9.44 | E68: 0 | F68: 0 | G68: 0 | H68: 0 | I68: 0 | J68: 0 | K68: 0 | L68: 9.44 | M68: 0 | N68: 0 | O68: 0 | P68: 0 | Q68: 0 | R68: 9.44 | S68: -9.44 | T68: -100
A69: 3 | B69: Технологическое присоединение к сетям | D69: 8.5017348 | E69: 115.04316 | F69: 0 | G69: 16.698888 | H69: 0 | I69: 48.068908 | J69: 0 | K69: 0 | L69: 8.5017348 | M69: 50.275368 | N69: 115.04316 | O69: 50.275368 | P69: 101.02348 | Q69: 36.255681 | R69: -106.54143 | S69: 106.54143 | T69: 1253.1728 | W69: исполнение требований действующего законодательства (постановление Правительства РФ от 27.12.2004 г. № 861)
A70: 4 | B70: Техническое перевооружение | D70: 11.82242 | E70: 11.237558 | F70: 0 | G70: 1.946882 | H70: 0.708 | I70: 4.0095687 | J70: 1.74876 | K70: 3.1878513 | L70: 9.36566 | M70: 2.093256 | N70: 11.237558 | O70: 2.093256 | P70: 11.237558 | Q70: 2.093256 | R70: 0.58486191 | S70: -0.58486191 | T70: -4.9470575
A71: 4.1 | B71: Оборудование | D71: 3.94002 | E71: 10.77354 | F71: 0 | G71: 1.946882 | H71: 0.59 | I71: 3.6961878 | J71: 0.58292 | K71: 3.0480563 | L71: 2.7671 | M71: 2.0824141 | N71: 10.77354 | O71: 2.0824141 | P71: 10.77354 | Q71: 2.0824141 | R71: -6.8335202 | S71: 6.8335202 | T71: 173.43872
B72: Оборудование, инструмент, средства механизации невходящее в сметы строек | D72: 1.67442 | E72: 0.14547199 | F72: 0 | G72: 0 | H72: 0 | I72: 0.054988 | J72: 0.2478 | K72: 0 | L72: 1.42662 | M72: 0.090483993 | N72: 0.14547199 | O72: 0.090483993 | P72: 0.14547199 | Q72: 0.090483993 | R72: 1.528948 | S72: -1.528948 | T72: -91.312097
B73: Замена силовых трансформаторов (физический износ, старый ГОСТ) | D73: 2.2656 | E73: 10.628068 | F73: 0 | G73: 1.946882 | H73: 0.59 | I73: 3.6411998 | J73: 0.33512 | K73: 3.0480563 | L73: 1.34048 | M73: 1.9919301 | N73: 10.628068 | O73: 1.9919301 | P73: 10.628068 | Q73: 1.9919301 | R73: -8.3624682 | S73: 8.3624682 | T73: 369.10612
A74: 4.2 | B74: Системы телемеханики связи | D74: 7.8824 | E74: 0.46401789 | F74: 0 | G74: 0 | H74: 0.118 | I74: 0.3133809 | J74: 1.16584 | K74: 0.13979502 | L74: 6.59856 | M74: 0.01084197 | N74: 0.46401789 | O74: 0.01084197 | P74: 0.46401789 | Q74: 0.01084197 | R74: 7.4183821 | S74: -7.4183821 | T74: -94.113241
B75: Модернизация систем телемеханики и питания собственных нужд РП | D75: 2.36 | E75: 0 | F75: 0 | G75: 0 | H75: 0 | I75: 0 | J75: 0 | K75: 0 | L75: 2.36 | M75: 0 | N75: 0 | O75: 0 | P75: 0 | Q75: 0 | R75: 2.36 | S75: -2.36 | T75: -100
B76: Сети передачи данных | D76: 0.944 | E76: 0 | F76: 0 | G76: 0 | H76: 0 | I76: 0 | J76: 0 | K76: 0 | L76: 0.944 | M76: 0 | N76: 0 | O76: 0 | P76: 0 | Q76: 0 | R76: 0.944 | S76: -0.944 | T76: -100
B77: Модернизация и создание новых рабочих мест | D77: 1.77 | E77: 0 | F77: 0 | G77: 0 | H77: 0 | I77: 0 | J77: 0 | K77: 0 | L77: 1.77 | M77: 0 | N77: 0 | O77: 0 | P77: 0 | Q77: 0 | R77: 1.77 | S77: -1.77 | T77: -100
B78: Средства связи, оргтехника | D78: 1.1564 | E78: 0 | F78: 0 | G78: 0 | H78: 0 | I78: 0 | J78: 0 | K78: 0 | L78: 1.1564 | M78: 0 | N78: 0 | O78: 0 | P78: 0 | Q78: 0 | R78: 1.1564 | S78: -1.1564 | T78: -100
B79: Замена серверного оборудования | D79: 0.59 | E79: 0 | F79: 0 | G79: 0 | H79: 0 | I79: 0 | J79: 0 | K79: 0 | L79: 0.59 | M79: 0 | N79: 0 | O79: 0 | P79: 0 | Q79: 0 | R79: 0.59 | S79: -0.59 | T79: -100
B80: Система охранной сгнализации | D80: 1.062 | E80: 0 | F80: 0 | G80: 0 | H80: 0 | I80: 0 | J80: 0 | K80: 0 | L80: 1.062 | M80: 0 | N80: 0 | O80: 0 | P80: 0 | Q80: 0 | R80: 1.062 | S80: -1.062 | T80: -100
A81: 4.3 | B81: Производственные базы | D81: 0 | E81: 0 | F81: 0 | G81: 0 | H81: 0 | I81: 0 | J81: 0 | K81: 0 | L81: 0 | M81: 0 | N81: 0 | O81: 0 | P81: 0 | Q81: 0 | R81: 0 | S81: 0 | T81: 0
A82: 5 | B82: Модернизация системы учета электричекой энергии и мощности | D82: 11.73982 | E82: 0.69280526 | F82: 0.01888 | G82: 0.5546 | H82: 0 | I82: 0.179065 | J82: 1.73696 | K82: -0.040859742 | L82: 9.98398 | M82: 3.2751579e-17 | N82: 0.69280526 | O82: 3.2751579e-17 | P82: 0.73640023 | Q82: 0.04359497 | R82: 11.047015 | S82: -11.047015 | T82: -94.098672
A83: 5.1 | B83: Приборы учета электроэнергии на границе балансовой принадлежности сетей | D83: 8.19982 | E83: 0.2179454 | F83: 0.01888 | G83: 0.5546 | H83: 0 | I83: 0.1273574 | J83: 1.21304 | K83: -0.464012 | L83: 6.9679 | M83: 0 | N83: 0.2179454 | O83: 0 | P83: 0.26154037 | Q83: 0.04359497 | R83: 7.9818746 | S83: -7.9818746 | T83: -97.342071
A84: 5.2 | B84: АИИС КУЭ | D84: 3.54 | E84: 0.47485986 | F84: 0 | G84: 0 | H84: 0 | I84: 0.0517076 | J84: 0.52392 | K84: 0.42315226 | L84: 3.01608 | M84: 3.2751579e-17 | N84: 0.47485986 | O84: 3.2751579e-17 | P84: 0.47485986 | Q84: 3.2751579e-17 | R84: 3.0651401 | S84: -3.0651401 | T84: -86.58588
A85: 6 | B85: Приобретение автотранспорта и спецтехнки | D85: 9.4754 | E85: 0 | F85: 0 | G85: 0 | H85: 0 | I85: 0 | J85: 1.40184 | K85: 0 | L85: 8.07356 | M85: 0 | N85: 0 | O85: 0 | P85: 0 | Q85: 0 | R85: 9.4754 | S85: -9.4754 | T85: -100
B86: ГАЗ-2705 | D86: 0.708 | E86: 0 | F86: 0 | G86: 0 | H86: 0 | I86: 0 | J86: 0 | K86: 0 | L86: 0.708 | M86: 0 | N86: 0 | O86: 0 | P86: 0 | Q86: 0 | R86: 0.708 | S86: -0.708 | T86: -100
B87: Легковой автомобиль | D87: 0.8614 | E87: 0 | F87: 0 | G87: 0 | H87: 0 | I87: 0 | J87: 0 | K87: 0 | L87: 0.8614 | M87: 0 | N87: 0 | O87: 0 | P87: 0 | Q87: 0 | R87: 0.8614 | S87: -0.8614 | T87: -100
B88: Экскаватор Volvo | D88: 4.189 | E88: 0 | F88: 0 | G88: 0 | H88: 0 | I88: 0 | J88: 0 | K88: 0 | L88: 4.189 | M88: 0 | N88: 0 | O88: 0 | P88: 0 | Q88: 0 | R88: 4.189 | S88: -4.189 | T88: -100
B89: АГП-18 | D89: 2.714 | E89: 0 | F89: 0 | G89: 0 | H89: 0 | I89: 0 | J89: 0 | K89: 0 | L89: 2.714 | M89: 0 | N89: 0 | O89: 0 | P89: 0 | Q89: 0 | R89: 2.714 | S89: -2.714 | T89: -100
B90: ГАЗ 3309 фургон | D90: 1.003 | E90: 0 | F90: 0 | G90: 0 | H90: 0 | I90: 0 | J90: 0 | K90: 0 | L90: 1.003 | M90: 0 | N90: 0 | O90: 0 | P90: 0 | Q90: 0 | R90: 1.003 | S90: -1.003 | T90: -100
A91: 7 | B91: Мероприятия по охране труда | D91: 0.236 | E91: 0 | F91: 0 | G91: 0 | H91: 0 | I91: 0 | J91: 0 | K91: 0 | L91: 0.236 | M91: 0 | N91: 0 | O91: 0 | P91: 0 | Q91: 0 | R91: 0.236 | S91: -0.236 | T91: -100
A93: * | B93: В ценах отчетного года.
A94: ** | B94: План согласно утвержденной инвестиционной программе.
A95: *** | B95: Накопленным итогом за год.
B98: Панько Д.М.
B99: 88172-54-55-71

Sheet 7.2
FU1: Приложение № 7.2 к Приказу Минэнерго России от 24.03.2010 № 114
A3: Отчет об исполнении основных этапов работ по реализации инвестиционной программы ГП ВО "Облстные электротеплосети" за 2014 год
FL4: Утверждаю Директор ГП ВО "Областные электротеплосети"
FR5: ________________А.А. Елисеев
FR6: "____"______________20 года
GS8: М.П.
A10: № | B10: Наименование объекта * | C10: Плановой объем финансирования, млн. руб. * | AA10: Фактически профинансировано, млн. руб. | AY10: Отклонение фактической стоимости работ по плановой стоимости, млн. руб. | CC10: Фактически освоено (закрыто актами выполненных работ), млн. руб. | DG10: Технические характеристики созданных объектов
DG11: генерирующие объекты | EG11: подстанции | FH11: линии электропередачи | GL11: иные объекты
B12: ВСЕГО | C12: всего | D12: ПИР | I12: СМР | N12: оборудо- вание и мате- риалы | U12: прочие | AA12: всего | AB12: ПИР | AG12: СМР | AL12: оборудо- вание и мате- риалы | AS12: прочие | AY12: всего | BF12: ПИР | BK12: СМР | BP12: оборудо- вание и мате- риалы | BW12: прочие | CC12: всего | CJ12: ПИР | CO12: СМР | CT12: оборудо- вание и мате- риалы | DA12: прочие | DG12: год ввода в эксплуа- тацию | DN12: норма- тивный срок службы, лет | DU12: мощ- ность, МВт | DZ12: тепловая энергия, Гкал/час | EG12: год ввода в эксплуа- тацию | EN12: норма- тивный срок службы, лет | EU12: коли- чество и марка силовых транс- формато- ров, шт. | FC12: мощ- ность, МВА | FH12: год ввода в эксплуа- тацию | FO12: норма- тивный срок службы, лет | FV12: тип опор | GA12: марка кабеля | GF12: протя- жен- ность, км
B13: ВСЕГО | C13: 118.15677 | D13: 10.741525 | I13: 48.336862 | N13: 53.707625 | U13: 5.3707625 | AA13: 130.55648 | AB13: 11.868771 | AG13: 53.409469 | AL13: 59.343854 | AS13: 5.9343854 | AY13: 12.399704 | BF13: 1.1272458 | BK13: 5.0726063 | BP13: 5.6362292 | BW13: 0.56362292 | CC13: 130.55648 | CJ13: 0 | CO13: 0 | CT13: 0 | DA13: 0 | DG13: − | DN13: − | DU13: − | DZ13: − | EG13: − | EN13: − | EU13: − | FC13: − | FH13: − | FO13: − | FV13: − | GA13: − | GF13: − | GL13: −
A14: 1 | B14: ПИР | C14: 1.77 | AA14: 0 | AB14: 0 | AG14: 0 | AL14: 0 | AS14: 0 | AY14: -1.77 | BF14: 0 | BK14: 0 | BP14: 0 | BW14: 0 | CC14: 0 | CJ14: 0 | CO14: 0 | CT14: 0 | DA14: 0 | DG14: − | DN14: − | DU14: − | DZ14: − | EG14: − | EN14: − | EU14: − | FC14: − | FH14: − | FO14: − | FV14: − | GA14: − | GF14: − | GL14: −
A15: 2 | B15: Реконструкция | C15: 74.6114 | D15: 6.7828545 | I15: 30.522845 | N15: 33.914273 | U15: 3.3914273 | AA15: 3.5829517 | AB15: 0.32572288 | AG15: 1.465753 | AL15: 1.6286144 | AS15: 0.16286144 | AY15: -71.028448 | BF15: -6.4571317 | BK15: -29.057092 | BP15: -32.285658 | BW15: -3.2285658 | CC15: 3.5829517 | CJ15: 0 | CO15: 0 | CT15: 0 | DA15: 0 | DG15: − | DN15: − | DU15: − | DZ15: − | EG15: − | EN15: − | EU15: − | FC15: − | FH15: − | FO15: − | FV15: − | GA15: − | GF15: − | GL15: −
A16: 2.1 | B16: КЛ 0,4 кВ | C16: 4.4014 | D16: 0.40012727 | I16: 1.8005727 | N16: 2.0006364 | U16: 0.20006364 | AA16: 0.4165471 | AB16: 0.037867919 | AG16: 0.17040563 | AL16: 0.18933959 | AS16: 0.018933959 | AY16: -3.9848529 | BF16: -0.36225935 | BK16: -1.6301671 | BP16: -1.8112968 | BW16: -0.18112968 | CC16: 0.4165471 | CJ16: 0 | CO16: 0 | CT16: 0 | DA16: 0 | DG16: − | DN16: − | DU16: − | DZ16: − | EG16: − | EN16: − | EU16: − | FC16: − | FH16: − | FO16: − | FV16: − | GA16: − | GF16: − | GL16: −
B17: КЛ 0,4 кВ ТП 106 - Козленская, 127; Козленская, 127-А | C17: 0.826 | D17: 0.075090909 | I17: 0.33790909 | N17: 0.37545455 | U17: 0.037545455 | AA17: 0 | AB17: 0 | AG17: 0 | AL17: 0 | AS17: 0 | AY17: -0.826 | BF17: -0.075090909 | BK17: -0.33790909 | BP17: -0.37545455 | BW17: -0.037545455 | CC17: 0 | CJ17: 0 | CO17: 0 | CT17: 0 | DA17: 0 | DG17: − | DN17: − | DU17: − | DZ17: − | EG17: − | EN17: − | EU17: − | FC17: − | FH17: − | FO17: − | FV17: − | GA17: − | GF17: − | GL17: −
B18: КЛ 0,4 кВ ТП 367 - Герцена, 94; Яшина, 20 | C18: 0.649 | D18: 0.059 | I18: 0.2655 | N18: 0.295 | U18: 0.0295 | AA18: 0 | AB18: 0 | AG18: 0 | AL18: 0 | AS18: 0 | AY18: -0.649 | BF18: -0.059 | BK18: -0.2655 | BP18: -0.295 | BW18: -0.0295 | CC18: 0 | CJ18: 0 | CO18: 0 | CT18: 0 | DA18: 0 | DG18: − | DN18: − | DU18: − | DZ18: − | EG18: − | EN18: − | EU18: − | FC18: − | FH18: − | FO18: − | FV18: − | GA18: − | GF18: − | GL18: −
B19: КЛ 0,4 кВ ТП 367 - Ветошкина, 99; Ветошкина, 99-А | C19: 0.59 | D19: 0.053636364 | I19: 0.24136364 | N19: 0.26818182 | U19: 0.026818182 | AA19: 0 | AB19: 0 | AG19: 0 | AL19: 0 | AS19: 0 | AY19: -0.59 | BF19: -0.053636364 | BK19: -0.24136364 | BP19: -0.26818182 | BW19: -0.026818182 | CC19: 0 | CJ19: 0 | CO19: 0 | CT19: 0 | DA19: 0 | DG19: − | DN19: − | DU19: − | DZ19: − | EG19: − | EN19: − | EU19: − | FC19: − | FH19: − | FO19: − | FV19: − | GA19: − | GF19: − | GL19: −
B20: КЛ 0,4 кВ ТП 533 - 1 мкр. ПЗ, 9 | C20: 0.177 | D20: 0.016090909 | I20: 0.072409091 | N20: 0.080454545 | U20: 0.0080454545 | AA20: 0 | AB20: 0 | AG20: 0 | AL20: 0 | AS20: 0 | AY20: -0.177 | BF20: -0.016090909 | BK20: -0.072409091 | BP20: -0.080454545 | BW20: -0.0080454545 | CC20: 0 | CJ20: 0 | CO20: 0 | CT20: 0 | DA20: 0 | DG20: − | DN20: − | DU20: − | DZ20: − | EG20: − | EN20: − | EU20: − | FC20: − | FH20: − | FO20: − | FV20: − | GA20: − | GF20: − | GL20: −
B21: КЛ 0,4 кВ ТП 533 - 1 мкр. ПЗ, 10 (корп.2) | C21: 0.295 | D21: 0.026818182 | I21: 0.12068182 | N21: 0.13409091 | U21: 0.013409091 | AA21: 0 | AB21: 0 | AG21: 0 | AL21: 0 | AS21: 0 | AY21: -0.295 | BF21: -0.026818182 | BK21: -0.12068182 | BP21: -0.13409091 | BW21: -0.013409091 | CC21: 0 | CJ21: 0 | CO21: 0 | CT21: 0 | DA21: 0 | DG21: − | DN21: − | DU21: − | DZ21: − | EG21: − | EN21: − | EU21: − | FC21: − | FH21: − | FO21: − | FV21: − | GA21: − | GF21: − | GL21: −
B22: КЛ 0,4 кВ ТП 534 - 1 мкр. ПЗ, 21 | C22: 0.1652 | D22: 0.015018182 | I22: 0.067581818 | N22: 0.075090909 | U22: 0.0075090909 | AA22: 0 | AB22: 0 | AG22: 0 | AL22: 0 | AS22: 0 | AY22: -0.1652 | BF22: -0.015018182 | BK22: -0.067581818 | BP22: -0.075090909 | BW22: -0.0075090909 | CC22: 0 | CJ22: 0 | CO22: 0 | CT22: 0 | DA22: 0 | DG22: − | DN22: − | DU22: − | DZ22: − | EG22: − | EN22: − | EU22: − | FC22: − | FH22: − | FO22: − | FV22: − | GA22: − | GF22: − | GL22: −
B23: КЛ 0,4 кВ ТП 534 - 1 мкр. ПЗ, 23 | C23: 0.1652 | D23: 0.015018182 | I23: 0.067581818 | N23: 0.075090909 | U23: 0.0075090909 | AA23: 0 | AB23: 0 | AG23: 0 | AL23: 0 | AS23: 0 | AY23: -0.1652 | BF23: -0.015018182 | BK23: -0.067581818 | BP23: -0.075090909 | BW23: -0.0075090909 | CC23: 0 | CJ23: 0 | CO23: 0 | CT23: 0 | DA23: 0 | DG23: − | DN23: − | DU23: − | DZ23: − | EG23: − | EN23: − | EU23: − | FC23: − | FH23: − | FO23: − | FV23: − | GA23: − | GF23: − | GL23: −
B24: КЛ 0,4 кВ ТП 466 - шк. Поповича, 26-А | C24: 0.531 | D24: 0.048272727 | I24: 0.21722727 | N24: 0.24136364 | U24: 0.024136364 | AA24: 0 | AB24: 0 | AG24: 0 | AL24: 0 | AS24: 0 | AY24: -0.531 | BF24: -0.048272727 | BK24: -0.21722727 | BP24: -0.24136364 | BW24: -0.024136364 | CC24: 0 | CJ24: 0 | CO24: 0 | CT24: 0 | DA24: 0 | DG24: − | DN24: − | DU24: − | DZ24: − | EG24: − | EN24: − | EU24: − | FC24: − | FH24: − | FO24: − | FV24: − | GA24: − | GF24: − | GL24: −
B25: КЛ 0,4 кВ ТП 422 - Советский пр., 131 | C25: 0.295 | D25: 0.026818182 | I25: 0.12068182 | N25: 0.13409091 | U25: 0.013409091 | AA25: 0 | AB25: 0 | AG25: 0 | AL25: 0 | AS25: 0 | AY25: -0.295 | BF25: -0.026818182 | BK25: -0.12068182 | BP25: -0.13409091 | BW25: -0.013409091 | CC25: 0 | CJ25: 0 | CO25: 0 | CT25: 0 | DA25: 0 | DG25: − | DN25: − | DU25: − | DZ25: − | EG25: − | EN25: − | EU25: − | FC25: − | FH25: − | FO25: − | FV25: − | GA25: − | GF25: − | GL25: −
B26: КЛ 0,4 кВ ТП 18, опора Л-4 (Сокол) - Некрасова, 41 | C26: 0.0944 | D26: 0.0085818182 | I26: 0.038618182 | N26: 0.042909091 | U26: 0.0042909091 | AA26: 0 | AB26: 0 | AG26: 0 | AL26: 0 | AS26: 0 | AY26: -0.0944 | BF26: -0.0085818182 | BK26: -0.038618182 | BP26: -0.042909091 | BW26: -0.0042909091 | CC26: 0 | CJ26: 0 | CO26: 0 | CT26: 0 | DA26: 0 | DG26: − | DN26: − | DU26: − | DZ26: − | EG26: − | EN26: − | EU26: − | FC26: − | FH26: − | FO26: − | FV26: − | GA26: − | GF26: − | GL26: −
B27: КЛ 0,4 кВ ТП 48 (Сокол) - Кирова, 38 | C27: 0.2006 | D27: 0.018236364 | I27: 0.082063636 | N27: 0.091181818 | U27: 0.0091181818 | AA27: 0 | AB27: 0 | AG27: 0 | AL27: 0 | AS27: 0 | AY27: -0.2006 | BF27: -0.018236364 | BK27: -0.082063636 | BP27: -0.091181818 | BW27: -0.0091181818 | CC27: 0 | CJ27: 0 | CO27: 0 | CT27: 0 | DA27: 0 | DG27: − | DN27: − | DU27: − | DZ27: − | EG27: − | EN27: − | EU27: − | FC27: − | FH27: − | FO27: − | FV27: − | GA27: − | GF27: − | GL27: −
B28: КЛ 0,4 кВ ТП 48 (Сокол) - Советская, 55 | C28: 0.1652 | D28: 0.015018182 | I28: 0.067581818 | N28: 0.075090909 | U28: 0.0075090909 | AA28: 0 | AB28: 0 | AG28: 0 | AL28: 0 | AS28: 0 | AY28: -0.1652 | BF28: -0.015018182 | BK28: -0.067581818 | BP28: -0.075090909 | BW28: -0.0075090909 | CC28: 0 | CJ28: 0 | CO28: 0 | CT28: 0 | DA28: 0 | DG28: − | DN28: − | DU28: − | DZ28: − | EG28: − | EN28: − | EU28: − | FC28: − | FH28: − | FO28: − | FV28: − | GA28: − | GF28: − | GL28: −
... B30: КЛ 0,4 кВ от ТП 67 с переводом на РТП 7 (г. Сокол) | C30: 0 | D30: 0 | I30: 0 | N30: 0 | U30: 0 | AA30: 0.4165471 | AB30: 0.037867919 | AG30: 0.17040563 | AL30: 0.18933959 | AS30: 0.018933959 | AY30: 0.4165471 | BF30: 0.037867919 | BK30: 0.17040563 | BP30: 0.18933959 | BW30: 0.018933959 | CC30: 0.4165471 | CJ30: 0 | CO30: 0 | CT30: 0 | DA30: 0 | DG30: − | DN30: − | DU30: − | DZ30: − | EG30: − | EN30: − | EU30: − | FC30: − | FH30: − | FO30: − | FV30: − | GA30: − | GF30: − | GL30: −
A31: 2.2 | B31: КЛ 6-10 кВ | C31: 19.824 | D31: 1.8021818 | I31: 8.1098182 | N31: 9.0109091 | U31: 0.90109091 | AA31: 1.0203669 | AB31: 0.092760629 | AG31: 0.41742283 | AL31: 0.46380315 | AS31: 0.046380315 | AY31: -18.803633 | BF31: -1.7094212 | BK31: -7.6923954 | BP31: -8.5471059 | BW31: -0.85471059 | CC31: 1.0203669 | CJ31: 0 | CO31: 0 | CT31: 0 | DA31: 0 | DG31: − | DN31: − | DU31: − | DZ31: − | EG31: − | EN31: − | EU31: − | FC31: − | FH31: − | FO31: − | FV31: − | GA31: − | GF31: − | GL31: −
B32: КЛ 6 кВ "ГПП-2 - 1 мкр. ПЗ | C32: 8.85 | D32: 0.80454545 | I32: 3.6204545 | N32: 4.0227273 | U32: 0.40227273 | AA32: 0 | AB32: 0 | AG32: 0 | AL32: 0 | AS32: 0 | AY32: -8.85 | BF32: -0.80454545 | BK32: -3.6204545 | BP32: -4.0227273 | BW32: -0.40227273 | CC32: 0 | CJ32: 0 | CO32: 0 | CT32: 0 | DA32: 0 | DG32: − | DN32: − | DU32: − | DZ32: − | EG32: − | EN32: − | EU32: − | FC32: − | FH32: − | FO32: − | FV32: − | GA32: − | GF32: − | GL32: −
B33: КЛ 6 кВ "ГПП, яч.59 - ВЛ 6 кВ (Л-6)" (Сокол) | C33: 0.944 | D33: 0.085818182 | I33: 0.38618182 | N33: 0.42909091 | U33: 0.042909091 | AA33: 0 | AB33: 0 | AG33: 0 | AL33: 0 | AS33: 0 | AY33: -0.944 | BF33: -0.085818182 | BK33: -0.38618182 | BP33: -0.42909091 | BW33: -0.042909091 | CC33: 0 | CJ33: 0 | CO33: 0 | CT33: 0 | DA33: 0 | DG33: − | DN33: − | DU33: − | DZ33: − | EG33: − | EN33: − | EU33: − | FC33: − | FH33: − | FO33: − | FV33: − | GA33: − | GF33: − | GL33: −
B34: КЛ 6 кВ "ТП 10 - ТП 11" (Сокол) | C34: 0.708 | D34: 0.064363636 | I34: 0.28963636 | N34: 0.32181818 | U34: 0.032181818 | AA34: 0 | AB34: 0 | AG34: 0 | AL34: 0 | AS34: 0 | AY34: -0.708 | BF34: -0.064363636 | BK34: -0.28963636 | BP34: -0.32181818 | BW34: -0.032181818 | CC34: 0 | CJ34: 0 | CO34: 0 | CT34: 0 | DA34: 0 | DG34: − | DN34: − | DU34: − | DZ34: − | EG34: − | EN34: − | EU34: − | FC34: − | FH34: − | FO34: − | FV34: − | GA34: − | GF34: − | GL34: −
B35: КЛ 10 кВ ПС "Центральная" - РП 10кВ "Разинский" | C35: 5.782 | D35: 0.52563636 | I35: 2.3653636 | N35: 2.6281818 | U35: 0.26281818 | AA35: 0 | AB35: 0 | AG35: 0 | AL35: 0 | AS35: 0 | AY35: -5.782 | BF35: -0.52563636 | BK35: -2.3653636 | BP35: -2.6281818 | BW35: -0.26281818 | CC35: 0 | CJ35: 0 | CO35: 0 | CT35: 0 | DA35: 0 | DG35: − | DN35: − | DU35: − | DZ35: − | EG35: − | EN35: − | EU35: − | FC35: − | FH35: − | FO35: − | FV35: − | GA35: − | GF35: − | GL35: −
B36: КЛ 10 кВ ПС "Воcточная" - ТП 561 | C36: 3.54 | D36: 0.32181818 | I36: 1.4481818 | N36: 1.6090909 | U36: 0.16090909 | AA36: 0 | AB36: 0 | AG36: 0 | AL36: 0 | AS36: 0 | AY36: -3.54 | BF36: -0.32181818 | BK36: -1.4481818 | BP36: -1.6090909 | BW36: -0.16090909 | CC36: 0 | CJ36: 0 | CO36: 0 | CT36: 0 | DA36: 0 | DG36: − | DN36: − | DU36: − | DZ36: − | EG36: − | EN36: − | EU36: − | FC36: − | FH36: − | FO36: − | FV36: − | GA36: − | GF36: − | GL36: −
B37: КЛ 6 кВ ТП1-ТП33 (г.Сокол) | C37: 0 | D37: 0 | I37: 0 | N37: 0 | U37: 0 | AA37: 0.31731407 | AB37: 0.028846734 | AG37: 0.1298103 | AL37: 0.14423367 | AS37: 0.014423367 | AY37: 0.31731407 | BF37: 0.028846734 | BK37: 0.1298103 | BP37: 0.14423367 | BW37: 0.014423367 | CC37: 0.31731407 | CJ37: 0 | CO37: 0 | CT37: 0 | DA37: 0 | DG37: − | DN37: − | DU37: − | DZ37: − | EG37: − | GL37: −
B38: КЛ 10 кВ ТП374-ТП64 | C38: 0 | D38: 0 | I38: 0 | N38: 0 | U38: 0 | AA38: 0.43194495 | AB38: 0.039267722 | AG38: 0.17670475 | AL38: 0.19633861 | AS38: 0.019633861 | AY38: 0.43194495 | BF38: 0.039267722 | BK38: 0.17670475 | BP38: 0.19633861 | BW38: 0.019633861 | CC38: 0.43194495 | CJ38: 0 | CO38: 0 | CT38: 0 | DA38: 0 | DG38: − | DN38: − | DU38: − | DZ38: − | EG38: − | GL38: −
B39: Вынос КЛ 10 кВ "РП27-ТП682" пл.Федулова (ТП-9/2711 ЗАО Мост-продукт) | C39: 0 | AA39: 0.23780476 | FO39: 25 | GA39: ААБ-10-3Х120 | GF39: 0.04
B40: Реконструкция КЛ-6 кВ РП ТЭЦ-РП23 | C40: 0 | AA40: 0.03330314 | FO40: 25 | GA40: ААБ-10-3Х120 | GF40: 0.22
A41: 2.3 | B41: ВЛ 0,4 кВ | C41: 3.894 | D41: 0.354 | I41: 1.593 | N41: 1.77 | U41: 0.177 | AA41: 1.5613396 | AB41: 0.14193996 | AG41: 0.63872984 | AL41: 0.70969982 | AS41: 0.070969982 | AY41: -2.3326604 | BF41: -0.21206004 | BK41: -0.95427016 | BP41: -1.0603002 | BW41: -0.10603002 | CC41: 1.5613396 | CJ41: 0 | CO41: 0 | CT41: 0 | DA41: 0 | DG41: − | DN41: − | DU41: − | DZ41: − | EG41: − | EN41: − | EU41: − | FC41: − | FH41: − | FO41: − | FV41: − | GA41: − | GF41: − | GL41: −
B42: ВЛ 0,4 кВ от ТП 427 (реконструкция необслуживаемых ведомственных сетей) | C42: 0.472 | D42: 0.042909091 | I42: 0.19309091 | N42: 0.21454545 | U42: 0.021454545 | AA42: 0 | AB42: 0 | AG42: 0 | AL42: 0 | AS42: 0 | AY42: -0.472 | BF42: -0.042909091 | BK42: -0.19309091 | BP42: -0.21454545 | BW42: -0.021454545 | CC42: 0 | CJ42: 0 | CO42: 0 | CT42: 0 | DA42: 0 | DG42: − | DN42: − | DU42: − | DZ42: − | EG42: − | EN42: − | EU42: − | FC42: − | FH42: − | FO42: − | FV42: − | GA42: − | GF42: − | GL42: −
B43: ВЛ 0,4 кВ от КТП 606 (реконструкция необслуживаемых ведомственных сетей) | C43: 0.944 | D43: 0.085818182 | I43: 0.38618182 | N43: 0.42909091 | U43: 0.042909091 | AA43: 0 | AB43: 0 | AG43: 0 | AL43: 0 | AS43: 0 | AY43: -0.944 | BF43: -0.085818182 | BK43: -0.38618182 | BP43: -0.42909091 | BW43: -0.042909091 | CC43: 0 | CJ43: 0 | CO43: 0 | CT43: 0 | DA43: 0 | DG43: − | DN43: − | DU43: − | DZ43: − | EG43: − | EN43: − | EU43: − | FC43: − | FH43: − | FO43: − | FV43: − | GA43: − | GF43: − | GL43: −
B44: ВЛ 0,4 кВ от ТП 64 (Сокол), Л-1 (разделение вывода) | C44: 0.472 | D44: 0.042909091 | I44: 0.19309091 | N44: 0.21454545 | U44: 0.021454545 | AA44: 0 | AB44: 0 | AG44: 0 | AL44: 0 | AS44: 0 | AY44: -0.472 | BF44: -0.042909091 | BK44: -0.19309091 | BP44: -0.21454545 | BW44: -0.021454545 | CC44: 0 | CJ44: 0 | CO44: 0 | CT44: 0 | DA44: 0 | DG44: − | DN44: − | DU44: − | DZ44: − | EG44: − | EN44: − | EU44: − | FC44: − | FH44: − | FO44: − | FV44: − | GA44: − | GF44: − | GL44: −
B45: ВЛ 0,4 кВ от ТП 64 (Сокол), Л-2 (разделение вывода) | C45: 0.472 | D45: 0.042909091 | I45: 0.19309091 | N45: 0.21454545 | U45: 0.021454545 | AA45: 0 | AB45: 0 | AG45: 0 | AL45: 0 | AS45: 0 | AY45: -0.472 | BF45: -0.042909091 | BK45: -0.19309091 | BP45: -0.21454545 | BW45: -0.021454545 | CC45: 0 | CJ45: 0 | CO45: 0 | CT45: 0 | DA45: 0 | DG45: − | DN45: − | DU45: − | DZ45: − | EG45: − | EN45: − | EU45: − | FC45: − | FH45: − | FO45: − | FV45: − | GA45: − | GF45: − | GL45: −
B46: ВЛ 0,4 кВ от ТП 43 (Сокол), Л-2 | C46: 0.236 | D46: 0.021454545 | I46: 0.096545455 | N46: 0.10727273 | U46: 0.010727273 | AA46: 0 | AB46: 0 | AG46: 0 | AL46: 0 | AS46: 0 | AY46: -0.236 | BF46: -0.021454545 | BK46: -0.096545455 | BP46: -0.10727273 | BW46: -0.010727273 | CC46: 0 | CJ46: 0 | CO46: 0 | CT46: 0 | DA46: 0 | DG46: − | DN46: − | DU46: − | DZ46: − | EG46: − | EN46: − | EU46: − | FC46: − | FH46: − | FO46: − | FV46: − | GA46: − | GF46: − | GL46: −
B47: ВЛ 0,4 кВ от ТП 33 (Сокол), Л-1 | C47: 0.708 | D47: 0.064363636 | I47: 0.28963636 | N47: 0.32181818 | U47: 0.032181818 | AA47: 0 | AB47: 0 | AG47: 0 | AL47: 0 | AS47: 0 | AY47: -0.708 | BF47: -0.064363636 | BK47: -0.28963636 | BP47: -0.32181818 | BW47: -0.032181818 | CC47: 0 | CJ47: 0 | CO47: 0 | CT47: 0 | DA47: 0 | DG47: − | DN47: − | DU47: − | DZ47: − | EG47: − | EN47: − | EU47: − | FC47: − | FH47: − | FO47: − | FV47: − | GA47: − | GF47: − | GL47: −
B48: ВЛ 0,4 кВ от КТП139 | C48: 0.59 | D48: 0.053636364 | I48: 0.24136364 | N48: 0.26818182 | U48: 0.026818182 | AA48: 0 | AB48: 0 | AG48: 0 | AL48: 0 | AS48: 0 | AY48: -0.59 | BF48: -0.053636364 | BK48: -0.24136364 | BP48: -0.26818182 | BW48: -0.026818182 | CC48: 0 | CJ48: 0 | CO48: 0 | CT48: 0 | DA48: 0 | DG48: − | DN48: − | DU48: − | DZ48: − | EG48: − | EN48: − | EU48: − | FC48: − | FH48: − | FO48: − | FV48: − | GA48: − | GF48: − | GL48: −
B49: ВЛ 0,4 кВ от ТП 34 (с.Устье-Кубенское) | C49: 0 | D49: 0 | I49: 0 | N49: 0 | U49: 0 | AA49: 0.22475723 | AB49: 0.020432476 | AG49: 0.09194614 | AL49: 0.10216238 | AS49: 0.010216238 | AY49: 0.22475723 | BF49: 0.020432476 | BK49: 0.09194614 | BP49: 0.10216238 | BW49: 0.010216238 | CC49: 0.22475723 | CJ49: 0 | CO49: 0 | CT49: 0 | DA49: 0 | DG49: − | DN49: − | DU49: − | DZ49: − | EG49: − | EN49: 0 | EU49: − | FC49: − | FH49: − | FO49: 25 | FV49: ж/б | GA49: СИП4 | GF49: 0.05 | GL49: −
B50: ВЛ 0,4 кВ от ТП 7 с установкой КТП | C50: 0 | D50: 0 | I50: 0 | N50: 0 | U50: 0 | AA50: 1.3365824 | AB50: 0.12150749 | AG50: 0.5467837 | AL50: 0.60753744 | AS50: 0.060753744 | AY50: 1.3365824 | BF50: 0.12150749 | BK50: 0.5467837 | BP50: 0.60753744 | BW50: 0.060753744 | CC50: 1.3365824 | CJ50: 0 | CO50: 0 | CT50: 0 | DA50: 0 | DG50: − | DN50: − | DU50: − | DZ50: − | EG50: − | EN50: _ | FC50: − | FH50: − | FO50: 25 | FV50: ж/б | GA50: СИП4 | GF50: 2.35 | GL50: −
A51: 2.4 | B51: ВЛ 6-10 кВ | C51: 5.31 | D51: 0.48272727 | I51: 2.1722727 | N51: 2.4136364 | U51: 0.24136364 | AA51: 0.58469806 | AB51: 0.053154369 | AG51: 0.23919466 | AL51: 0.26577185 | AS51: 0.026577185 | AY51: -4.7253019 | BF51: -0.4295729 | BK51: -1.9330781 | BP51: -2.1478645 | BW51: -0.21478645 | CC51: 0.58469806 | CJ51: 0 | CO51: 0 | CT51: 0 | DA51: 0 | DG51: − | DN51: − | DU51: − | DZ51: − | EG51: − | EN51: − | EU51: − | FC51: − | FH51: − | FO51: − | FV51: − | GA51: − | GF51: − | GL51: −
B52: ВЛ 6 кВ №31 | C52: 5.31 | D52: 0.48272727 | I52: 2.1722727 | N52: 2.4136364 | U52: 0.24136364 | AA52: 0 | AB52: 0 | AG52: 0 | AL52: 0 | AS52: 0 | AY52: -5.31 | BF52: -0.48272727 | BK52: -2.1722727 | BP52: -2.4136364 | BW52: -0.24136364 | CC52: 0 | CJ52: 0 | CO52: 0 | CT52: 0 | DA52: 0 | DG52: − | DN52: − | DU52: − | DZ52: − | EG52: − | EN52: − | EU52: − | FC52: − | FH52: − | FO52: − | FV52: − | GA52: − | GF52: − | GL52: −
B53: ВЛ 10 кВ ЛЭП №4 (с. Шуйское) | C53: 0 | D53: 0 | I53: 0 | N53: 0 | U53: 0 | AA53: 0.58469806 | AB53: 0.053154369 | AG53: 0.23919466 | AL53: 0.26577185 | AS53: 0.026577185 | AY53: 0.58469806 | BF53: 0.053154369 | BK53: 0.23919466 | BP53: 0.26577185 | BW53: 0.026577185 | CC53: 0.58469806 | CJ53: 0 | CO53: 0 | CT53: 0 | DA53: 0 | DG53: − | DN53: − | DU53: − | DZ53: − | EG53: − | EU53: − | FC53: − | FH53: − | FO53: 25 | FV53: ж/б | GA53: СИП3 | GF53: 0.23 | GL53: −
A54: 2.5 | B54: РТП, РП, ТП, КТП | C54: 41.182 | D54: 3.7438182 | I54: 16.847182 | N54: 18.719091 | U54: 1.8719091 | AA54: 0 | AB54: 0 | AG54: 0 | AL54: 0 | AS54: 0 | AY54: -41.182 | BF54: -3.7438182 | BK54: -16.847182 | BP54: -18.719091 | BW54: -1.8719091 | CC54: 0 | CJ54: 0 | CO54: 0 | CT54: 0 | DA54: 0 | DG54: − | DN54: − | DU54: − | DZ54: − | EG54: − | EN54: − | EU54: − | FC54: − | FH54: − | FO54: − | FV54: − | GA54: − | GF54: − | GL54: −
B55: КТП 295 (замена на 2хКТП) | C55: 4.13 | D55: 0.37545455 | I55: 1.6895455 | N55: 1.8772727 | U55: 0.18772727 | AA55: 0 | AB55: 0 | AG55: 0 | AL55: 0 | AS55: 0 | AY55: -4.13 | BF55: -0.37545455 | BK55: -1.6895455 | BP55: -1.8772727 | BW55: -0.18772727 | CC55: 0 | CJ55: 0 | CO55: 0 | CT55: 0 | DA55: 0 | DG55: − | DN55: − | DU55: − | DZ55: − | EG55: − | EN55: − | EU55: − | FC55: − | FH55: − | FO55: − | FV55: − | GA55: − | GF55: − | GL55: −
B56: ТП 518 (замена РУ-10 кВ) | C56: 0.649 | D56: 0.059 | I56: 0.2655 | N56: 0.295 | U56: 0.0295 | AA56: 0 | AB56: 0 | AG56: 0 | AL56: 0 | AS56: 0 | AY56: -0.649 | BF56: -0.059 | BK56: -0.2655 | BP56: -0.295 | BW56: -0.0295 | CC56: 0 | CJ56: 0 | CO56: 0 | CT56: 0 | DA56: 0 | DG56: − | DN56: − | DU56: − | DZ56: − | EG56: − | EN56: − | EU56: − | FC56: − | FH56: − | FO56: − | FV56: − | GA56: − | GF56: − | GL56: −
B57: ТП 10, с.Устье (замена РУ-10 кВ) | C57: 0.354 | D57: 0.032181818 | I57: 0.14481818 | N57: 0.16090909 | U57: 0.016090909 | AA57: 0 | AB57: 0 | AG57: 0 | AL57: 0 | AS57: 0 | AY57: -0.354 | BF57: -0.032181818 | BK57: -0.14481818 | BP57: -0.16090909 | BW57: -0.016090909 | CC57: 0 | CJ57: 0 | CO57: 0 | CT57: 0 | DA57: 0 | DG57: − | DN57: − | DU57: − | DZ57: − | EG57: − | EN57: − | EU57: − | FC57: − | FH57: − | FO57: − | FV57: − | GA57: − | GF57: − | GL57: −
B58: ТП 258 (РУ-6 кВ, секционирование) | C58: 0.649 | D58: 0.059 | I58: 0.2655 | N58: 0.295 | U58: 0.0295 | AA58: 0 | AB58: 0 | AG58: 0 | AL58: 0 | AS58: 0 | AY58: -0.649 | BF58: -0.059 | BK58: -0.2655 | BP58: -0.295 | BW58: -0.0295 | CC58: 0 | CJ58: 0 | CO58: 0 | CT58: 0 | DA58: 0 | DG58: − | DN58: − | DU58: − | DZ58: − | EG58: − | EN58: − | EU58: − | FC58: − | FH58: − | FO58: − | FV58: − | GA58: − | GF58: − | GL58: −
B59: ТП 23, г.Сокол (замена РУ-6 кВ) | C59: 0.708 | D59: 0.064363636 | I59: 0.28963636 | N59: 0.32181818 | U59: 0.032181818 | AA59: 0 | AB59: 0 | AG59: 0 | AL59: 0 | AS59: 0 | AY59: -0.708 | BF59: -0.064363636 | BK59: -0.28963636 | BP59: -0.32181818 | BW59: -0.032181818 | CC59: 0 | CJ59: 0 | CO59: 0 | CT59: 0 | DA59: 0 | DG59: − | DN59: − | DU59: − | DZ59: − | EG59: − | EN59: − | EU59: − | FC59: − | FH59: − | FO59: − | FV59: − | GA59: − | GF59: − | GL59: −
B60: ТП 48, г.Сокол (замена РУ-6 кВ, РУ-0,4кВ) | C60: 0.826 | D60: 0.075090909 | I60: 0.33790909 | N60: 0.37545455 | U60: 0.037545455 | AA60: 0 | AB60: 0 | AG60: 0 | AL60: 0 | AS60: 0 | AY60: -0.826 | BF60: -0.075090909 | BK60: -0.33790909 | BP60: -0.37545455 | BW60: -0.037545455 | CC60: 0 | CJ60: 0 | CO60: 0 | CT60: 0 | DA60: 0 | DG60: − | DN60: − | DU60: − | DZ60: − | EG60: − | EN60: − | EU60: − | FC60: − | FH60: − | FO60: − | FV60: − | GA60: − | GF60: − | GL60: −
B61: КТП 64, г.Сокол (замена КТП) | C61: 0.826 | D61: 0.075090909 | I61: 0.33790909 | N61: 0.37545455 | U61: 0.037545455 | AA61: 0 | AB61: 0 | AG61: 0 | AL61: 0 | AS61: 0 | AY61: -0.826 | BF61: -0.075090909 | BK61: -0.33790909 | BP61: -0.37545455 | BW61: -0.037545455 | CC61: 0 | CJ61: 0 | CO61: 0 | CT61: 0 | DA61: 0 | DG61: − | DN61: − | DU61: − | DZ61: − | EG61: − | EN61: − | EU61: − | FC61: − | FH61: − | FO61: − | FV61: − | GA61: − | GF61: − | GL61: −
B62: РП 28 - ливневая канализация | C62: 0.295 | D62: 0.026818182 | I62: 0.12068182 | N62: 0.13409091 | U62: 0.013409091 | AA62: 0 | AB62: 0 | AG62: 0 | AL62: 0 | AS62: 0 | AY62: -0.295 | BF62: -0.026818182 | BK62: -0.12068182 | BP62: -0.13409091 | BW62: -0.013409091 | CC62: 0 | CJ62: 0 | CO62: 0 | CT62: 0 | DA62: 0 | DG62: − | DN62: − | DU62: − | DZ62: − | EG62: − | EN62: − | EU62: − | FC62: − | FH62: − | FO62: − | FV62: − | GA62: − | GF62: − | GL62: −
B63: РП 31 - ливневая канализация | C63: 0.295 | D63: 0.026818182 | I63: 0.12068182 | N63: 0.13409091 | U63: 0.013409091 | AA63: 0 | AB63: 0 | AG63: 0 | AL63: 0 | AS63: 0 | AY63: -0.295 | BF63: -0.026818182 | BK63: -0.12068182 | BP63: -0.13409091 | BW63: -0.013409091 | CC63: 0 | CJ63: 0 | CO63: 0 | CT63: 0 | DA63: 0 | DG63: − | DN63: − | DU63: − | DZ63: − | EG63: − | EN63: − | EU63: − | FC63: − | FH63: − | FO63: − | FV63: − | GA63: − | GF63: − | GL63: −
B64: ЗРУ-35 кВ ПС 35/6 кВ "Городская" (СМВ) | C64: 2.95 | D64: 0.26818182 | I64: 1.2068182 | N64: 1.3409091 | U64: 0.13409091 | AA64: 0 | AB64: 0 | AG64: 0 | AL64: 0 | AS64: 0 | AY64: -2.95 | BF64: -0.26818182 | BK64: -1.2068182 | BP64: -1.3409091 | BW64: -0.13409091 | CC64: 0 | CJ64: 0 | CO64: 0 | CT64: 0 | DA64: 0 | DG64: − | DN64: − | DU64: − | DZ64: − | EG64: − | EN64: − | EU64: − | FC64: − | FH64: − | FO64: − | FV64: − | GA64: − | GF64: − | GL64: −
B65: РУ-10 кВ РТП-27 | C65: 8.85 | D65: 0.80454545 | I65: 3.6204545 | N65: 4.0227273 | U65: 0.40227273 | AA65: 0 | AB65: 0 | AG65: 0 | AL65: 0 | AS65: 0 | AY65: -8.85 | BF65: -0.80454545 | BK65: -3.6204545 | BP65: -4.0227273 | BW65: -0.40227273 | CC65: 0 | CJ65: 0 | CO65: 0 | CT65: 0 | DA65: 0 | DG65: − | DN65: − | DU65: − | DZ65: − | EG65: − | EN65: − | EU65: − | FC65: − | FH65: − | FO65: − | FV65: − | GA65: − | GF65: − | GL65: −
B66: ОРУ 35 кВ ПС 35/6 кВ "Северная" | C66: 7.552 | D66: 0.68654545 | I66: 3.0894545 | N66: 3.4327273 | U66: 0.34327273 | AA66: 0 | AB66: 0 | AG66: 0 | AL66: 0 | AS66: 0 | AY66: -7.552 | BF66: -0.68654545 | BK66: -3.0894545 | BP66: -3.4327273 | BW66: -0.34327273 | CC66: 0 | CJ66: 0 | CO66: 0 | CT66: 0 | DA66: 0 | DG66: − | DN66: − | DU66: − | DZ66: − | EG66: − | EN66: − | EU66: − | FC66: − | FH66: − | FO66: − | FV66: − | GA66: − | GF66: − | GL66: −
... B68: РП 10 кВ "Разинский" | C68: 9.44 | D68: 0.85818182 | I68: 3.8618182 | N68: 4.2909091 | U68: 0.42909091 | AA68: 0 | AB68: 0 | AG68: 0 | AL68: 0 | AS68: 0 | AY68: -9.44 | BF68: -0.85818182 | BK68: -3.8618182 | BP68: -4.2909091 | BW68: -0.42909091 | CC68: 0 | CJ68: 0 | CO68: 0 | CT68: 0 | DA68: 0 | DG68: − | DN68: − | DU68: − | DZ68: − | EG68: − | EN68: − | EU68: − | FC68: − | FH68: − | FO68: − | FV68: − | GA68: − | GF68: − | GL68: −
A69: 3 | B69: Технологическое присоединение к сетям | C69: 8.5017348 | D69: 0.77288498 | I69: 3.4779824 | N69: 3.8644249 | U69: 0.38644249 | AA69: 115.04316 | AB69: 10.458469 | AG69: 47.063113 | AL69: 52.292347 | AS69: 5.2292347 | AY69: 106.54143 | BF69: 9.6855845 | BK69: 43.58513 | BP69: 48.427922 | BW69: 4.8427922 | CC69: 115.04316 | CJ69: 0 | CO69: 0 | CT69: 0 | DA69: 0 | DG69: − | DN69: − | DU69: − | DZ69: − | EG69: − | EN69: − | EU69: − | FC69: − | FH69: − | FO69: − | FV69: − | GA69: − | GF69: 37.5 | GL69: −
A70: 4 | B70: Техническое перевооружение | C70: 11.82242 | D70: 0 | I70: 0 | N70: 0 | U70: 0 | AA70: 11.237558 | AB70: 0 | AG70: 0 | AL70: 0 | AS70: 0 | AY70: -0.58486191 | BF70: 0 | BK70: 0 | BP70: 0 | BW70: 0 | CC70: 11.237558 | CJ70: 0 | CO70: 0 | CT70: 0 | DA70: 0 | DG70: − | DN70: − | DU70: − | DZ70: − | EG70: − | EN70: − | EU70: − | FC70: − | FH70: − | FO70: − | FV70: − | GA70: − | GF70: − | GL70: −
A71: 4.1 | B71: Оборудование | C71: 3.94002 | D71: 0 | I71: 0 | N71: 0 | U71: 0 | AA71: 10.77354 | AB71: 0 | AG71: 0 | AL71: 0 | AS71: 0 | AY71: 6.8335202 | BF71: 0 | BK71: 0 | BP71: 0 | BW71: 0 | CC71: 10.77354 | CJ71: 0 | CO71: 0 | CT71: 0 | DA71: 0 | DG71: − | DN71: − | DU71: − | DZ71: − | EG71: − | EN71: − | EU71: − | FC71: − | FH71: − | FO71: − | FV71: − | GA71: − | GF71: − | GL71: −
B72: Оборудование, инструмент, средства механизации невходящее в сметы строек | C72: 1.67442 | D72: 0 | I72: 0 | N72: 0 | U72: 0 | AA72: 0.14547199 | AB72: 0 | AG72: 0 | AL72: 0 | AS72: 0 | AY72: -1.528948 | BF72: 0 | BK72: 0 | BP72: 0 | BW72: 0 | CC72: 0.14547199 | CJ72: 0 | CO72: 0 | CT72: 0 | DA72: 0 | DG72: − | DN72: − | DU72: − | DZ72: − | EG72: − | EN72: − | EU72: − | FC72: − | FH72: − | FO72: − | FV72: − | GA72: − | GF72: − | GL72: −
B73: Замена силовых трансформаторов (физический износ, старый ГОСТ) | C73: 2.2656 | D73: 0 | I73: 0 | N73: 0 | U73: 0 | AA73: 10.628068 | AB73: 0 | AG73: 0 | AL73: 0 | AS73: 0 | AY73: 8.3624682 | BF73: 0 | BK73: 0 | BP73: 0 | BW73: 0 | CC73: 10.628068 | CJ73: 0 | CO73: 0 | CT73: 0 | DA73: 0 | DG73: − | DN73: − | DU73: − | DZ73: − | EG73: − | EN73: − | EU73: − | FC73: − | FH73: − | FO73: − | FV73: − | GA73: − | GF73: − | GL73: −
A74: 4.2 | B74: Системы телемеханики связи | C74: 7.8824 | D74: 0 | I74: 0 | N74: 0 | U74: 0 | AA74: 0.46401789 | AB74: 0 | AG74: 0 | AL74: 0 | AS74: 0 | AY74: -7.4183821 | BF74: 0 | BK74: 0 | BP74: 0 | BW74: 0 | CC74: 0.46401789 | CJ74: 0 | CO74: 0 | CT74: 0 | DA74: 0 | DG74: − | DN74: − | DU74: − | DZ74: − | EG74: − | EN74: − | EU74: − | FC74: − | FH74: − | FO74: − | FV74: − | GA74: − | GF74: − | GL74: −
B75: Модернизация систем телемеханики и питания собственных нужд РП | C75: 2.36 | D75: 0 | I75: 0 | N75: 0 | U75: 0 | AA75: 0 | AB75: 0 | AG75: 0 | AL75: 0 | AS75: 0 | AY75: -2.36 | BF75: 0 | BK75: 0 | BP75: 0 | BW75: 0 | CC75: 0 | CJ75: 0 | CO75: 0 | CT75: 0 | DA75: 0 | DG75: − | DN75: − | DU75: − | DZ75: − | EG75: − | EN75: − | EU75: − | FC75: − | FH75: − | FO75: − | FV75: − | GA75: − | GF75: − | GL75: −
B76: Сети передачи данных | C76: 0.944 | D76: 0 | I76: 0 | N76: 0 | U76: 0 | AA76: 0 | AB76: 0 | AG76: 0 | AL76: 0 | AS76: 0 | AY76: -0.944 | BF76: 0 | BK76: 0 | BP76: 0 | BW76: 0 | CC76: 0 | CJ76: 0 | CO76: 0 | CT76: 0 | DA76: 0 | DG76: − | DN76: − | DU76: − | DZ76: − | EG76: − | EN76: − | EU76: − | FC76: − | FH76: − | FO76: − | FV76: − | GA76: − | GF76: − | GL76: −
B77: Модернизация и создание новых рабочих мест | C77: 1.77 | D77: 0 | I77: 0 | N77: 0 | U77: 0 | AA77: 0 | AB77: 0 | AG77: 0 | AL77: 0 | AS77: 0 | AY77: -1.77 | BF77: 0 | BK77: 0 | BP77: 0 | BW77: 0 | CC77: 0 | CJ77: 0 | CO77: 0 | CT77: 0 | DA77: 0 | DG77: − | DN77: − | DU77: − | DZ77: − | EG77: − | EN77: − | EU77: − | FC77: − | FH77: − | FO77: − | FV77: − | GA77: − | GF77: − | GL77: −
B78: Средства связи, оргтехника | C78: 1.1564 | D78: 0 | I78: 0 | N78: 0 | U78: 0 | AA78: 0 | AB78: 0 | AG78: 0 | AL78: 0 | AS78: 0 | AY78: -1.1564 | BF78: 0 | BK78: 0 | BP78: 0 | BW78: 0 | CC78: 0 | CJ78: 0 | CO78: 0 | CT78: 0 | DA78: 0 | DG78: − | DN78: − | DU78: − | DZ78: − | EG78: − | EN78: − | EU78: − | FC78: − | FH78: − | FO78: − | FV78: − | GA78: − | GF78: − | GL78: −
B79: Замена серверного оборудования | C79: 0.59 | D79: 0 | I79: 0 | N79: 0 | U79: 0 | AA79: 0 | AB79: 0 | AG79: 0 | AL79: 0 | AS79: 0 | AY79: -0.59 | BF79: 0 | BK79: 0 | BP79: 0 | BW79: 0 | CC79: 0 | CJ79: 0 | CO79: 0 | CT79: 0 | DA79: 0 | DG79: − | DN79: − | DU79: − | DZ79: − | EG79: − | EN79: − | EU79: − | FC79: − | FH79: − | FO79: − | FV79: − | GA79: − | GF79: − | GL79: −
B80: Система охранной сгнализации | C80: 1.062 | D80: 0 | I80: 0 | N80: 0 | U80: 0 | AA80: 0 | AB80: 0 | AG80: 0 | AL80: 0 | AS80: 0 | AY80: -1.062 | BF80: 0 | BK80: 0 | BP80: 0 | BW80: 0 | CC80: 0 | CJ80: 0 | CO80: 0 | CT80: 0 | DA80: 0 | DG80: − | DN80: − | DU80: − | DZ80: − | EG80: − | EN80: − | EU80: − | FC80: − | FH80: − | FO80: − | FV80: − | GA80: − | GF80: − | GL80: −
A81: 4.3 | B81: Производственные базы | C81: 0 | D81: 0 | I81: 0 | N81: 0 | U81: 0 | AA81: 0 | AB81: 0 | AG81: 0 | AL81: 0 | AS81: 0 | AY81: 0 | BF81: 0 | BK81: 0 | BP81: 0 | BW81: 0 | CC81: 0 | CJ81: 0 | CO81: 0 | CT81: 0 | DA81: 0 | DG81: − | DN81: − | DU81: − | DZ81: − | EG81: − | EN81: − | EU81: − | FC81: − | FH81: − | FO81: − | FV81: − | GA81: − | GF81: − | GL81: −
A82: 5 | B82: Модернизация системы учета электричекой энергии и мощности | C82: 11.73982 | D82: 0 | I82: 0 | N82: 0 | U82: 0 | AA82: 0.69280526 | AB82: 0 | AG82: 0 | AL82: 0 | AS82: 0 | AY82: -11.047015 | BF82: 0 | BK82: 0 | BP82: 0 | BW82: 0 | CC82: 0.69280526 | CJ82: 0 | CO82: 0 | CT82: 0 | DA82: 0 | DG82: − | DN82: − | DU82: − | DZ82: − | EG82: − | EN82: − | EU82: − | FC82: − | FH82: − | FO82: − | FV82: − | GA82: − | GF82: − | GL82: −
A83: 5.1 | B83: Приборы учета электроэнергии на границе балансовой принадлежности сетей | C83: 8.19982 | D83: 0 | I83: 0 | N83: 0 | U83: 0 | AA83: 0.2179454 | AB83: 0 | AG83: 0 | AL83: 0 | AS83: 0 | AY83: -7.9818746 | BF83: 0 | BK83: 0 | BP83: 0 | BW83: 0 | CC83: 0.2179454 | CJ83: 0 | CO83: 0 | CT83: 0 | DA83: 0 | DG83: − | DN83: − | DU83: − | DZ83: − | EG83: − | EN83: − | EU83: − | FC83: − | FH83: − | FO83: − | FV83: − | GA83: − | GF83: − | GL83: −
A84: 5.2 | B84: АИИС КУЭ | C84: 3.54 | D84: 0 | I84: 0 | N84: 0 | U84: 0 | AA84: 0.47485986 | AB84: 0 | AG84: 0 | AL84: 0 | AS84: 0 | AY84: -3.0651401 | BF84: 0 | BK84: 0 | BP84: 0 | BW84: 0 | CC84: 0.47485986 | CJ84: 0 | CO84: 0 | CT84: 0 | DA84: 0 | DG84: − | DN84: − | DU84: − | DZ84: − | EG84: − | EN84: − | EU84: − | FC84: − | FH84: − | FO84: − | FV84: − | GA84: − | GF84: − | GL84: −
A85: 6 | B85: Приобретение автотранспорта и спецтехнки | C85: 9.4754 | D85: 0 | I85: 0 | N85: 0 | U85: 0 | AA85: 0 | AB85: 0 | AG85: 0 | AL85: 0 | AS85: 0 | AY85: -9.4754 | BF85: 0 | BK85: 0 | BP85: 0 | BW85: 0 | CC85: 0 | CJ85: 0 | CO85: 0 | CT85: 0 | DA85: 0 | DG85: − | DN85: − | DU85: − | DZ85: − | EG85: − | EN85: − | EU85: − | FC85: − | FH85: − | FO85: − | FV85: − | GA85: − | GF85: − | GL85: −
B86: ГАЗ-2705 | C86: 0.708 | D86: 0 | I86: 0 | N86: 0 | U86: 0 | AA86: 0 | AB86: 0 | AG86: 0 | AL86: 0 | AS86: 0 | AY86: -0.708 | BF86: 0 | BK86: 0 | BP86: 0 | BW86: 0 | CC86: 0 | CJ86: 0 | CO86: 0 | CT86: 0 | DA86: 0 | DG86: − | DN86: − | DU86: − | DZ86: − | EG86: − | EN86: − | EU86: − | FC86: − | FH86: − | FO86: − | FV86: − | GA86: − | GF86: − | GL86: −
B87: Легковой автомобиль | C87: 0.8614 | D87: 0 | I87: 0 | N87: 0 | U87: 0 | AA87: 0 | AB87: 0 | AG87: 0 | AL87: 0 | AS87: 0 | AY87: -0.8614 | BF87: 0 | BK87: 0 | BP87: 0 | BW87: 0 | CC87: 0 | CJ87: 0 | CO87: 0 | CT87: 0 | DA87: 0 | DG87: − | DN87: − | DU87: − | DZ87: − | EG87: − | EN87: − | EU87: − | FC87: − | FH87: − | FO87: − | FV87: − | GA87: − | GF87: − | GL87: −
B88: Экскаватор Volvo | C88: 4.189 | D88: 0 | I88: 0 | N88: 0 | U88: 0 | AA88: 0 | AB88: 0 | AG88: 0 | AL88: 0 | AS88: 0 | AY88: -4.189 | BF88: 0 | BK88: 0 | BP88: 0 | BW88: 0 | CC88: 0 | CJ88: 0 | CO88: 0 | CT88: 0 | DA88: 0 | DG88: − | DN88: − | DU88: − | DZ88: − | EG88: − | EN88: − | EU88: − | FC88: − | FH88: − | FO88: − | FV88: − | GA88: − | GF88: − | GL88: −
B89: АГП-18 | C89: 2.714 | D89: 0 | I89: 0 | N89: 0 | U89: 0 | AA89: 0 | AB89: 0 | AG89: 0 | AL89: 0 | AS89: 0 | AY89: -2.714 | BF89: 0 | BK89: 0 | BP89: 0 | BW89: 0 | CC89: 0 | CJ89: 0 | CO89: 0 | CT89: 0 | DA89: 0 | DG89: − | DN89: − | DU89: − | DZ89: − | EG89: − | EN89: − | EU89: − | FC89: − | FH89: − | FO89: − | FV89: − | GA89: − | GF89: − | GL89: −
B90: ГАЗ 3309 фургон | C90: 1.003 | D90: 0 | I90: 0 | N90: 0 | U90: 0 | AA90: 0 | AB90: 0 | AG90: 0 | AL90: 0 | AS90: 0 | AY90: -1.003 | BF90: 0 | BK90: 0 | BP90: 0 | BW90: 0 | CC90: 0 | CJ90: 0 | CO90: 0 | CT90: 0 | DA90: 0 | DG90: − | DN90: − | DU90: − | DZ90: − | EG90: − | EN90: − | EU90: − | FC90: − | FH90: − | FO90: − | FV90: − | GA90: − | GF90: − | GL90: −
A91: 7 | B91: Мероприятия по охране труда | C91: 0.236 | D91: 0 | I91: 0 | N91: 0 | U91: 0 | AA91: 0 | AB91: 0 | AG91: 0 | AL91: 0 | AS91: 0 | AY91: -0.236 | BF91: 0 | BK91: 0 | BP91: 0 | BW91: 0 | CC91: 0 | CJ91: 0 | CO91: 0 | CT91: 0 | DA91: 0 | DG91: − | DN91: − | DU91: − | DZ91: − | EG91: − | EN91: − | EU91: − | FC91: − | FH91: − | FO91: − | FV91: − | GA91: − | GL91: −
B123: Панько Д.М.
B124: 88172-54-55-71
B125: Белоусов С.Н.
B126: 88172-57-00-24

Sheet 8
EY1: Приложение № 8
EY2: к Приказу Минэнерго России
EY3: от 24.03.2010 № 114
A4: Отчет об источниках финансирования инвестиционных программ ГП ВО "Облстные электротеплосети" за 2014 год, млн. рублей с НДС
DR5: Утверждаю Директор ГП ВО "Областные электротеплосети"
DX6: ________________А.А. Елисеев
DX7: "____"______________20 года
EY8: М.П.
A10: № | G10: Источник финансирования | AO10: Объем финансирования [отчетный год] | EA10: Причины отклонений
AO11: всего | BG11: I кв. | BY11: II кв. | CQ11: III кв. | DI11: IV кв.
AO12: план * | AX12: факт ** | BG12: план | BP12: факт | BY12: план | CH12: факт | CQ12: план | CZ12: факт | DI12: план | DR12: факт
A13: 1 | G13: Собственные средства | AO13: 118.15677 | AX13: 130.55648 | BG13: 4.7023 | BP13: 20.599378 | BY13: 2.75058 | CH13: 54.021009 | CQ13: 16.1896 | CZ13: 3.2963601 | DI13: 94.514295 | DR13: 52.639732
A14: 1.1. | G14: Прибыль, направляемая на инвестиции: | AO14: 0 | AX14: 0 | BG14: 0 | BP14: 0 | BY14: 0 | CH14: 0
A15: 1.1.1. | G15: в т.ч. инвестиционная составляющая в тарифе | AO15: 0 | AX15: 0
A16: 1.1.2. | G16: в т.ч. прибыль со свободного сектора | AO16: 0 | AX16: 0
A17: 1.1.3. | G17: в т.ч. выпадающие доходы в тарифе | AO17: 7.20486 | AX17: 5.543 | DI17: 7.20486 | DR17: 5.543
A18: 1.1.3.1. | G18: в т.ч. от технологического присоединения генерации | AO18: 0 | AX18: 0
A19: 1.1.3.2. | G19: в т.ч. от технологического присоединения потребителей | AO19: 0 | AX19: 0
A20: 1.1.4. | G20: Прочая прибыль | AO20: 0 | AX20: 0
A21: 1.2. | G21: Амортизация | AO21: 92.928 | AX21: 84.473792 | BG21: 3.985 | BP21: 16.5441 | BY21: 2.331 | CH21: 41.615788 | CQ21: 13.72 | CZ21: -7.6518963 | DI21: 72.892 | DR21: 33.965801
A22: 1.2.1. | G22: Амортизация, учтенная в тарифе | AO22: 92.928 | AX22: 84.473792 | BG22: 3.985 | BP22: 16.5441 | BY22: 2.331 | CH22: 41.615788 | CQ22: 13.72 | CZ22: -7.6518963 | DI22: 72.892 | DR22: 33.965801
A23: 1.2.2. | G23: Прочая амортизация | AO23: 0 | AX23: 0
A24: 1.2.3. | G24: Недоиспользованная амортизация прошлых лет | AO24: 0 | AX24: 0
A25: 1.3. | G25: Возврат НДС | AO25: 18.023915 | AX25: 19.915395 | BG25: 0.7173 | BP25: 3.142278 | BY25: 0.41958 | CH25: 8.2404929 | CQ25: 2.4696 | CZ25: 0.5028346 | DI25: 14.417435 | DR25: 8.0297896
A26: 1.4. | G26: Прочие собственные средства (плата за технологическое присоединение потребителей) | AO26: 0 | AX26: 20.624292 | BG26: 0 | BP26: 0.913 | BY26: 0 | CH26: 4.1647288 | CQ26: 0 | CZ26: 10.445422 | DR26: 5.1011411
A27: 1.4.1. | G27: в т.ч. средства допэмиссии
A28: 1.5. | G28: Остаток собственных средств на начало года
A29: 2. | G29: Привлеченные средства, в т.ч.:
A30: 2.1. | G30: Кредиты
A31: 2.2. | G31: Облигационные займы
A32: 2.3. | G32: Займы организаций
A33: 2.4. | G33: Бюджетное финансирование
A34: 2.5. | G34: Средства внешних инвесторов
A35: 2.6. | G35: Использование лизинга
A36: 2.7. | G36: Прочие привлеченные средства
G37: ВСЕГО источников финансирования
G38: для ОГК/ТГК, в том числе
G39: ДПМ
G40: вне ДПМ
B42: Панько Д.М.
B43: 88172-54-55-71

Sheet 9
EI1: Приложение № 9 к Приказу Минэнерго России от 24.03.2010 № 114
A3: Отчет о вводах/выводах объектов за 2014 год
EB4: Утверждаю Директор ГП ВО "Областные электротеплосети"
EH5: ________________А.А. Елисеев
EH6: "____"______________20 года
FI8: М.П.
A11: № | F11: Наименование проекта | Z11: Ввод мощностей | CR11: Вывод мощностей
Z12: план * | BI12: факт | CR12: план * | EA12: факт
Z13: МВт, Гкал/час, км, МВА | BI13: МВт, Гкал/час, км, МВА | CR13: МВт, Гкал/час, км, МВА | EA13: МВт, Гкал/час, км, МВА
Z14: I кв. | AG14: II кв. | AN14: III кв. | AU14: IV кв. | BB14: 2014 г. | BI14: I кв. | BP14: II кв. | BW14: III кв. | CD14: IV кв. | CK14: 2014 г. | CR14: I кв. | CY14: II кв. | DF14: III кв. | DM14: IV кв. | DT14: 2014 г. | EA14: I кв. | EH14: II кв. | EO14: III кв. | EV14: IV кв. | FC14: 2014 г.
A15: 1 | F15: 2 | Z15: 3 | AG15: 4 | AN15: 5 | AU15: 6 | BB15: 7 | BI15: 8 | BP15: 9 | BW15: 10 | CD15: 11 | CK15: 12 | CR15: 13 | CY15: 14 | DF15: 15 | DM15: 16 | DT15: 17 | EA15: 18 | EH15: 19 | EO15: 20 | EV15: 21 | FC15: 22
A16: 1 | F16: Реконструкция | Z16: 0.83696441 | AG16: 0.52837997 | AN16: 1.5772466 | AU16: 7.717409 | BB16: 10.66 | BI16: 0.9 | BP16: 3.5 | BW16: 0 | CD16: 0.26 | CK16: 4.66 | CR16: 0.57224863 | CY16: 0.42133841 | DF16: 0.89834901 | DM16: 4.180064 | DT16: 6.072 | EA16: 0 | EH16: 0 | EO16: 0 | EV16: 0 | FC16: 0
A17: 1.1. | F17: КЛ 0,4 кВ | Z17: 0.17546917 | AG17: 0.14356568 | AN17: 0.35221448 | AU17: 1.7087507 | BB17: 2.38 | BI17: 0 | BP17: 0 | BW17: 0 | CD17: 0 | CK17: 0 | CR17: 0.11294906 | CY17: 0.092412869 | DF17: 0.22671957 | DM17: 1.0999185 | DT17: 1.532 | EA17: 0 | EH17: 0 | EO17: 0 | EV17: 0 | FC17: 0
A18: 1.2. | F18: КЛ 6-10 кВ | Z18: 0.20642857 | AG18: 0.046547619 | AN18: 0.62889881 | AU18: 3.368125 | BB18: 4.25 | BI18: 0.85 | BP18: 0 | BW18: 0 | CD18: 0.26 | CK18: 1.11 | CR18: 0.038857143 | CY18: 0.0087619048 | DF18: 0.11838095 | DM18: 0.634 | DT18: 0.8 | EA18: 0 | EH18: 0 | EO18: 0 | EV18: 0 | FC18: 0
A19: 1.3. | F19: ВЛ 0,4 кВ | Z19: 0.30206667 | AG19: 0.15793333 | AN19: 0.37413333 | AU19: 1.6958667 | BB19: 2.53 | BI19: 0.05 | BP19: 3.27 | BW19: 0 | CD19: 0 | CK19: 3.32 | CR19: 0.26744242 | CY19: 0.1398303 | DF19: 0.33124848 | DM19: 1.5014788 | DT19: 2.24 | EA19: 0 | EH19: 0 | EO19: 0 | EV19: 0 | FC19: 0
A20: 1.4. | F20: ВЛ 6-10 кВ | Z20: 0.153 | AG20: 0.18033333 | AN20: 0.222 | AU20: 0.94466667 | BB20: 1.5 | BI20: 0 | BP20: 0.23 | BW20: 0 | CD20: 0 | CK20: 0.23 | CR20: 0.153 | CY20: 0.18033333 | DF20: 0.222 | DM20: 0.94466667 | DT20: 1.5 | EA20: 0 | EH20: 0 | EO20: 0 | EV20: 0 | FC20: 0
A21: 2 | F21: Технологическое присоединение, МВт/км | Z21: 0 | AG21: 0 | AN21: 0 | AU21: 0 | BB21: 0 | BI21: 0,42/4,1 | BP21: 3,51/16,01 | BW21: 7,17/8,76 | CD21: 3,4/8,63 | CK21: 14,5/37,5 | CR21: 0 | CY21: 0 | DF21: 0 | DM21: 0 | DT21: 0 | EA21: 0 | EH21: 0 | EO21: 0 | EV21: 0 | FC21: 0
A28: Белоусов С.Н.
A29: 88712-54-00-24
